 Seeded DCSS version 0.24-a0-271-ga0fc33f (webtiles) character file.

Game seed: 8756599878910331727

9564012 Anathematize the Bringer of Law (level 27, 199/199 HPs)
             Began as a Gargoyle Ice Elementalist on Apr 22, 2019.
             Was the Champion of Zin.
             Escaped with the Orb
             ... and 15 runes on Apr 24, 2019!
             The game lasted 16:02:39 (181392 turns).

Anathematize the Bringer of Law (GrIE)            Turns: 181392, Time: 16:02:39

Health: 199/199    AC: 85    Str: 33    XL:     27
Magic:  54/54      EV: 19    Int: 36    God:    Zin [******]
Gold:   6402       SH: 25    Dex: 19    Spells: 9/80 levels left

rFire    + + .     SeeInvis .   r - +9 sacred scourge (holy)
rCold    + . .     Gourm    .   N - +5 shield {reflect}
rNeg     + + +     Faith    .   f - +10 gold dragon scales
rPois    ∞         Spirit   .   G - +2 helmet {Int+3}
rElec    +         Reflect  +   z - +2 cloak {+Inv}
rCorr    .         Harm     .   Q - +3 pair of gloves "Zioniot" {rElec rF+ Str+3}
MR       ++...                  O - +1 pair of boots {run}
Stlth    ..........             A - amulet of regeneration
HPRegen  0.83/turn              a - ring "Eppaz" {rN+ AC+5 Stlth+}
MPRegen  0.34/turn              y - ring "Peuphock" {rN+ AC+6 Int+4}

@: vitalised, flying, quick
A: big wings, negative energy resistance 1, electricity resistance, unbreathing,
petrification resistance, rot immunity, AC +20
0: Orb of Zot
}: 15/15 runes: serpentine, barnacled, slimy, silver, golden, iron, obsidian,
icy, bone, abyssal, demonic, glowing, magical, fiery, dark
a: Stop Flying, Recite, Vitalisation, Imprison, Sanctuary, Donate Gold, Renounce
Religion, Evoke Invisibility


You escaped.
You worshipped Zin.
Zin was exalted by your worship.
You were not hungry.

You visited 18 branches of the dungeon, and saw 90 of its levels.
You visited Pandemonium 13 times, and saw 1 of its levels.
You visited the Abyss 13 times.
You visited 1 bazaar.
You also visited: Ossuary and Bailey.

You collected 19814 gold pieces.
You spent 6336 gold pieces at shops.
You donated 7076 gold pieces to Zin.

Inventory:

Hand Weapons
 r - a +9 sacred scourge of holy wrath (weapon)
Missiles
 q - 65 javelins (quivered)
Armour
 f - +10 gold dragon scales (worn)
 u - quicksilver dragon scales
 z - a +2 cloak of invisibility (worn)
 G - a +2 helmet of intelligence (worn)
 N - a +5 shield of reflection (worn)
 O - a +1 pair of boots of running (worn)
 Q - the +3 pair of gloves "Zioniot" (worn) {rElec rF+ Str+3}
   (You found it on level 1 of the Snake Pit)

   It affects your strength (+3).
   It protects you from fire.
   It insulates you from electricity.
 U - a +0 plate armour of magic resistance
Magical Staves
 Y - an uncursed staff of energy
Jewellery
 a - the ring "Eppaz" (left hand) {rN+ AC+5 Stlth+}
   (You found it on level 5 of the Lair of Beasts)

   [ring of protection]

   It affects your AC (+5).
   It protects you from negative energy.
   It makes you more stealthy.
 e - an uncursed ring of protection from magic
 g - the ring "Raasm" {rF+ Stlth+}
   (You took it off an iron imp on level 7 of the Iron City of Dis)

   [ring of protection from fire]

   It protects you from fire.
   It makes you more stealthy.
 s - an uncursed ring of resist corrosion
 v - an uncursed ring of protection from cold
 y - the ring "Peuphock" (right hand) {rN+ AC+6 Int+4}
   (You found it on level 3 of the Lair of Beasts)

   [ring of protection]

   It affects your AC (+6).
   It affects your intelligence (+4).
   It protects you from negative energy.
 A - an amulet of regeneration (around neck)
 H - a +3 ring of intelligence
 P - the ring "Ven Qiti" {rN+ MR+ AC+5 Int-2}
   (You took it off a merfolk on level 4 of the Shoals)

   [ring of protection]

   It affects your AC (+5).
   It affects your intelligence (-2).
   It protects you from negative energy.
   It affects your resistance to hostile enchantments.
 S - an uncursed ring of fire
 X - an uncursed ring of see invisible
Wands
 i - a wand of digging (2)
 p - a wand of acid (17)
Scrolls
 d - 16 scrolls of teleportation
 l - 2 scrolls of silence
 o - 43 scrolls of remove curse
 B - 2 scrolls of summoning
 C - 2 scrolls of magic mapping
 I - a scroll of brand weapon
 L - 13 scrolls of amnesia
 M - 6 scrolls of fog
 R - 36 scrolls of identify
 W - a scroll of holy word
 Z - 12 scrolls of fear
Potions
 j - 4 potions of resistance
 m - 3 potions of heal wounds
 n - a potion of cancellation
 w - 2 potions of might
 x - 24 potions of curing
 D - 10 potions of ambrosia
 E - 3 potions of berserk rage
 F - 4 potions of agility
 J - 4 potions of invisibility
 T - 5 potions of mutation
Miscellaneous
 b - a figurine of a ziggurat
Comestibles
 c - 54 rations


   Skills:
 O Level 27 Fighting
 - Level 16.6 Maces & Flails
 O Level 27 Armour
 * Level 16.4 Dodging
 - Level 2.1 Stealth
 O Level 27 Shields
 O Level 27 Spellcasting
 O Level 27 Conjurations
 - Level 10.0 Charms
 O Level 27 Fire Magic
   Level 4.2 Ice Magic
 O Level 27 Earth Magic
 O Level 27 Invocations


You had 9 spell levels left.
You knew the following spells:

 Your Spells              Type           Power        Failure   Level  Hunger
a - Ignition              Fire           ########..   1%          8    None
b - Orb of Destruction    Conj           ########..   1%          7    None
c - Blink                 Tloc           N/A          2%          2    None
d - Iskenderun's Mystic   Conj           ########     0%          4    None
e - Iron Shot             Conj/Erth      ########..   0%          6    None
f - Shatter               Erth           ########..   2%          9    ##.....
g - Lee's Rapid Deconstr  Erth           ########..   0%          5    None
h - Apportation           Tloc           #####.       1%          1    None
i - Bolt of Magma         Conj/Fire/Erth ########..   0%          5    None
j - Bolt of Fire          Conj/Fire      ########..   0%          6    None
k - Ring of Flames        Chrm/Fire      ########..   1%          7    None
l - Fireball              Conj/Fire      ########..   0%          5    None
m - Conjure Ball Lightni  Conj/Air       #######...   1%          6    None

Your spell library contained the following spells:

 Spells                   Type           Power        Failure   Level  Hunger
 Flame Tongue             Conj/Fire      #####        0%          1    None
 Magic Dart               Conj           ####         0%          1    None
 Sandblast                Erth           ######       0%          1    None
 Shock                    Conj/Air       ####         0%          1    None
 Searing Ray              Conj           ######       0%          2    None
 Throw Flame              Conj/Fire      ######       0%          2    None
 Throw Frost              Conj/Ice       ######       0%          2    None
 Conjure Flame            Conj/Fire      ########     0%          3    None
 Stone Arrow              Conj/Erth      ######       0%          3    None
 Sticky Flame             Conj/Fire      ########     0%          4    None
 Animate Skeleton         Necr           N/A          1%          1    None
 Beastly Appendage        Tmut           #####.       1%          1    None
 Confusing Touch          Hex            #####.       1%          1    None
 Freeze                   Ice            ####         1%          1    None
 Infusion                 Chrm           ####         1%          1    None
 Pain                     Necr           ####         1%          1    None
 Summon Butterflies       Summ           #####...     1%          1    None
 Summon Small Mammal      Summ           ####         1%          1    None
 Ensorcelled Hibernation  Hex/Ice        ######       1%          2    None
 Shroud of Golubria       Chrm/Tloc      ######....   1%          2    None
 Song of Slaying          Chrm           #######.     1%          2    None
 Swiftness                Chrm/Air       ######..     1%          2    None
 Dazzling Spray           Conj/Hex       ######       1%          3    None
 Ignite Poison            Fire/Tmut/Pois #######.     1%          3    None
 Inner Flame              Hex/Fire       #######.     1%          3    None
 Mephitic Cloud           Conj/Pois/Air  #######.     1%          3    None
 Ozocubu's Armour         Chrm/Ice       #######.     1%          3    None
 Regeneration             Chrm/Necr      ######....   1%          3    None
 Spectral Weapon          Hex/Chrm       ######..     1%          3    None
 Static Discharge         Conj/Air       #######.     1%          3    None
 Force Lance              Conj/Tloc      #######.     1%          4    None
 Fulminant Prism          Conj/Hex       #######...   1%          4    None
 Leda's Liquefaction      Hex/Erth       #######...   1%          4    None
 Petrify                  Tmut/Erth      #######.     1%          4    None
 Throw Icicle             Conj/Ice       ########     1%          4    None
 Borgnjor's Vile Clutch   Necr/Erth      #######...   1%          5    None
 Irradiate                Conj/Tmut      #######...   1%          5    None
 Iskenderun's Battlesphe  Conj/Chrm      ########     1%          5    None
 Lightning Bolt           Conj/Air       #######...   1%          5    None
 Venom Bolt               Conj/Pois      #######...   1%          5    None
 Bolt of Cold             Conj/Ice       ########..   1%          6    None
 Call Imp                 Summ           #####...     2%          2    None
 Corpse Rot               Necr           N/A          2%          2    None
 Poisonous Vapours        Pois/Air       #####.       2%          2    None
 Slow                     Hex            #####...     2%          2    None
 Sticks to Snakes         Tmut           #####...     2%          2    None
 Freezing Cloud           Conj/Ice/Air   #######...   4%          6    None
 Call Canine Familiar     Summ           #####...     5%          3    None
 Confuse                  Hex            #####...     5%          3    None
 Gell's Gravitas          Tloc           #####.....   5%          3    None
 Lesser Beckoning         Tloc           #####.....   5%          3    None
 Portal Projectile        Hex/Tloc       #####.       5%          3    None
 Recall                   Summ/Tloc      N/A          5%          3    None
 Spider Form              Tmut/Pois      #####.....   5%          3    None
 Summon Guardian Golem    Hex/Summ       #####...     5%          3    None
 Tukima's Dance           Hex            #####...     5%          3    None
 Vampiric Draining        Necr           #####.....   5%          3    None
 Spellforged Servitor     Conj/Summ      #######...   6%          7    None
 Ice Form                 Ice/Tmut       ######..     8%          4    None
 Summon Ice Beast         Ice/Summ       ######..     8%          4    None
 Airstrike                Air            #####.....   19%         4    None
 Animate Dead             Necr           N/A          19%         4    None
 Cause Fear               Hex            #####.....   19%         4    None
 Summon Lightning Spire   Summ/Air       #####...     19%         4    None
 Metabolic Englaciation   Hex/Ice        ######....   22%         5    None
 Deflect Missiles         Chrm/Air       ######....   34%         6    None
 Alistair's Intoxication  Tmut/Pois      #####...     45%         5    None
 Aura of Abjuration       Summ           #####.....   45%         5    None
 Blade Hands              Tmut           #####.....   45%         5    None
 Dispel Undead            Necr           #####...     45%         5    None
 Silence                  Hex/Air        #####.....   45%         5    None
 Summon Demon             Summ           #####.....   45%         5    None
 Summon Forest            Summ/Tloc      #####.....   45%         5    None
 Summon Mana Viper        Hex/Summ       #####...     45%         5    None
 Yara's Violent Unravell  Hex/Tmut       #####.....   45%         5    None
 Ozocubu's Refrigeration  Ice            ######....   45%         6    None
 Simulacrum               Ice/Necr       ######....   75%         6    None
 Darkness                 Hex            #####.....   95%         6    None
 Death Channel            Necr           #####.....   95%         6    None
 Dispersal                Tloc           #####.....   95%         6    None
 Hydra Form               Tmut           #####.....   95%         6    None
 Invisibility             Hex            #####...     95%         6    None
 Shadow Creatures         Summ           N/A          95%         6    None
 Dragon Form              Tmut           #####.....   100%        7    None
 Haunt                    Necr/Summ      #####.....   100%        7    None
 Malign Gateway           Summ/Tloc      #####.....   100%        7    None
 Monstrous Menagerie      Summ           #####.....   100%        7    None
 Summon Greater Demon     Summ           #####.....   100%        7    None
 Summon Hydra             Summ           #####.....   100%        7    None
 Borgnjor's Revivificati  Necr           #####.....   100%        8    None
 Controlled Blink         Tloc           N/A          100%        8    None
 Death's Door             Chrm/Necr      ######....   100%        8    None
 Discord                  Hex            #####.....   100%        8    None
 Disjunction              Tloc           #####.....   100%        8    None
 Infestation              Necr           #####.....   100%        8    None
 Necromutation            Tmut/Necr      #####.....   100%        8    None
 Summon Horrible Things   Summ           #####.....   100%        8    None
 Dragon's Call            Summ           #####.....   100%        9    ##.....
 Tornado                  Air            #####.....   100%        9    ##.....
 Statue Form              Tmut/Erth      Unusable     N/A         6    N/A

Dungeon Overview and Level Annotations

Branches:
Dungeon (15/15)            Temple (1/1) D:7            Lair (6/6) D:8
 Shoals (4/4) Lair:2        Snake (4/4) Lair:2        Slime (5/5) Lair:5
    Orc (2/2) D:9             Elf (3/3) Orc:2        Vaults (5/5) D:14
  Crypt (3/3) Vaults:3       Tomb (3/3) Crypt:3      Depths (5/5) D:15
   Hell (1/1)                 Dis (7/7) Hell            Geh (7/7) Hell
    Coc (7/7) Hell            Tar (7/7) Hell            Zot (5/5) Depths:5

Altars:
Ashenzari
Cheibriados
Dithmenos
Elyvilon
Fedhas
Gozag
Hepliaklqana
Kikubaaqudgha
Makhleb
Nemelex Xobeh
Okawaru
Qazlal
Ru
Sif Muna
Trog
Uskayaw
Vehumet
Wu Jian
Xom
Yredelemnul
Zin
The Shining One
Beogh
Lugonu

Shops:
Orc:2 *=([   Shoals:2 [   Shoals:3 (   Snake:1 ((   Snake:4 *   Vaults:4 }
Vaults:5 ?

Portals:
Hell: Depths:1 Depths:2 Depths:3 Depths:4 Depths:5
Abyss: Depths:1 Depths:4
Pandemonium: Depths:2 Depths:3
Ziggurat: Depths:1

Annotations:
D:9 3 runed translucent doors, exclusions: 3 doors, downstairs and obsidian statue, miscthings's ghost, novice GrMo
D:13 3 runed translucent doors, Maxmaps's ghost, adept FoSk
Lair:2 exclusions: door and 2 upstairs
Lair:6 3 runed translucent doors, exclusions: 3 doors and 1 more exclusion, Comi's ghost, journeyman TeBe
Slime:4 exclusion: downstairs
Elf:2 3 runed translucent doors
Crypt:3 2 runed translucent doors, Jetyrhek's ghost, veteran GrEE
Depths:2 1 runed translucent door, exclusions: door and downstairs, Plog's ghost, adept DgCj
Depths:3 exclusion: downstairs
Depths:4 exclusion: upstairs
Geh:7 1 exclusion
Zot:4 exclusion: 2 upstairs


Innate Abilities, Weirdness & Mutations

You are resistant to torment.
Your stone body is resilient. (AC +20)
You are immune to poison.
Your large and strong wings let you fly indefinitely.
You resist negative energy. (rN+)
You are resistant to electric shocks. (rElec)
You can survive without breathing.
You are immune to petrification.
You are immune to rotting.


Message History

Evoke which item? (* to show all) (? for menu, Esc to quit)
Aiming: Dig
Press: ? - help, Shift-Dir - straight line A rock wall.
This square is covered in magical glow.
The rock shatters into small pieces.
You are ready to recite again.
Evoke which item? (* to show all) (? for menu, Esc to quit)
Aiming: Dig
Press: ? - help, Shift-Dir - straight line A rock wall.
This square is covered in magical glow.
The rock shatters into small pieces.
There is a staircase leading out of the dungeon here.
Okay, then.
Okay, then.
Casting: Iron Shot (safe; 0% risk of failure)
Confirm with . or Enter, or press ? or * to list all spells.
Okay, then.
You have escaped!

).### ##..# ##.###.......#
#...# #..## #8.8##.......#
###.####.## #...###.....##
......##.# ##...##.......#
##.......# #≈...≈#.......#
##..#..### #≈...≈#.......#
#..##...######≈...≈#......##
..###...##...#≈...≈#.#...##
..#####.......≈.@.≈..#####
#...###......##...##.#
###..####.....##.##..# ##.##
#.....#####.##
#..###..#.#####..#
#####.#.............#
........##..#####.###
#####.####..# ###.# #.##
#..###...#


There were no monsters in sight!

Vanquished Creatures
  Cerebov (Pan)
  Asmodeus (Geh:7)
  Antaeus (Coc:7)
  Gloorx Vloq (Pan)
  the Royal Jelly (Slime:5)
  Ereshkigal (Tar:7)
  Mnoleg (Pan)
  A seraph (Pan)
  12 ancient liches
  Dispater (Dis:7)
  Khufu (Crypt:2)
  Mennas (Vaults:3)
  Mara (Tomb:1)
  6 orbs of fire
  2 juggernauts (Depths:4)
  38 greater mummies
  Boris (Crypt:2)
  4 shard shrikes
  3 Killer Klowns (Zot:5)
  Saint Roka (Orc:2)
  4 curse toes
  Geryon (Hell)
  3 caustic shrikes
  3 profane servitors
  15 golden dragons
  2 pearl dragons (Pan)
  the Enchantress (Depths:3)
  21 bone dragons
  30 Brimstone Fiends
  12 iron giants
  13 doom hounds
  4 electric golems
  34 Tzitzimimeh
  Jorgrun (D:12)
  25 Hell Sentinels
  20 liches
  A hellephant (Abyss:1)
  27 Ice Fiends
  27 Orb Guardians (Zot:5)
  12 tentacled monstrosities
  Asterion (Elf:3)
  18 pandemonium lords
  4 deep elf blademasters (Elf:3)
  A deep elf master archer (Elf:3)
  11 quicksilver dragons
  4 titans
  20 acid blobs
  Polyphemus (Shoals:4)
  39 ancient champions
  53 Executioners
  6 death cobs
  18 sphinxes
  Frances (D:13)
  Donald (Shoals:4)
  10 tengu reavers
  A storm dragon (shapeshifter) (Depths:1)
  10 storm dragons
  6 tentacled starspawn (Abyss:1)
  Kirke (D:13)
  2 thorn hunters (Abyss:3)
  17 draconian monks
  21 shadow dragons
  10 daevas
  13 azure jellies
  12 fire giants
  10 nagarajas (Snake:4)
  3 revenants
  A frost giant (shapeshifter) (Depths:3)
  11 iron dragons
  44 balrugs
  20 blood saints (Pan)
  3 draconian knights
  A ghost moth (Zot:4)
  11 deep elf sorcerers
  9 draconian scorchers
  11 frost giants
  3 orc warlords
  19 vault wardens
  Aizul (Depths:3)
  14 warmongers (Pan)
  19 black suns (Pan)
  7 deep elf elementalists
  14 ghouls
  3 curse skulls
  30 cacodemons (Pan)
  11 draconian annihilators
  14 ironheart preservers
  21 angels (Pan)
  115 reapers
  7 draconian shifters
  24 war gargoyles
  3 draconian stormcallers
  5 elemental wellsprings
  18 stone giants
  The ghost of Thalamas the Severer, a journeyman MiBe of Trog (Lair:5)
  6 spriggan defenders
  The ghost of Mumum the Arsonist, a journeyman DrFE of Vehumet (Lair:5)
  42 very ugly things
  22 apis (Pan)
  17 green draconians
  14 vampire knights
  10 bennus (Tomb:2)
  Nessos (D:12)
  21 corrupters (Pan)
  10 deep elf demonologists
  6 yellow draconians
  27 lorocyprocas
  21 white draconians
  17 purple draconians
  12 ophanim (Pan)
  21 red draconians
  23 black draconians
  A dire elephant (Abyss:3)
  5 deep elf annihilators
  22 green deaths
  The ghost of Ruewk the Archer, a journeyman CeAM of Okawaru (Lair:5)
  7 spark wasps
  40 blizzard demons
  8 deep elf death magi
  27 mummy priests
  5 eidola
  9 ettins
  Josephine (D:12)
  4 merfolk javelineers (Shoals:4)
  7 quicksilver dragon zombies
  13 jiangshi
  19 fire dragons
  10 merfolk impalers
  8 death oozes
  11 ogre magi
  5 deep elf high priests
  13 yaktaur captains
  14 great orbs of eyes
  Fannar (Lair:1)
  4 quicksilver dragon skeletons
  34 ice dragons
  23 monstrous demonspawn
  4 kraken zombies
  Erolcha (D:9)
  5 catoblepae
  11 rakshasas
  25 naga warriors
  3 ghost crabs
  Erica (D:9)
  6 spriggan air magi
  19 vault guards
  6 hydras
  A merfolk avatar (Shoals:4)
  9 centaur warriors
  8 hell beasts
  An alligator snapping turtle (shapeshifter) (Vaults:1)
  3 merfolk aquamancers
  7 anacondas
  12 death knights
  A shambling mangrove (Abyss:3)
  20 dancing weapons
  21 two-headed ogres
  3 satyrs
  4 tengu warriors
  13 vampire magi
  2 two-headed ogres (shapeshifter)
  24 death scarabs
  A queen ant (Lair:6)
  9 deep troll earth magi
  20 deep troll shamans
  5 shock serpents
  36 hell hogs
  3 orc high priests (Orc:2)
  Urug (D:10)
  9 thrashing horrors
  2 death yaks (Shoals:3)
  13 naga sharpshooters
  96 sun demons
  69 soul eaters
  6 holy swine (Pan)
  17 deep elf knights
  8 storm dragon zombies
  5 iron golems
  7 wretched stars
  A fire crab (shapeshifter) (Vaults:5)
  7 spriggan berserkers
  11 titan zombies
  258 skeletal warriors
  3 salamander mystics
  29 shadow wraiths
  58 sixfirhies (Pan)
  16 small abominations
  19 hell knights
  10 titan skeletons
  5 ghost moth zombies
  21 iron trolls
  A sea snake (shapeshifter) (Vaults:5)
  10 wizards
  37 deep trolls
  11 sea snakes
  3 spatial maelstroms
  16 cherubim (Pan)
  9 golden dragon zombies
  A quicksilver dragon simulacrum (Coc:7)
  3 death drakes
  6 storm dragon skeletons
  5 glowing orange brains
  3 spark wasp zombies
  10 naga ritualists
  47 shadow demons
  23 anaconda zombies
  14 infernal demonspawn
  19 flayed ghosts
  21 torturous demonspawn (Pan)
  8 deep elf archers
  18 gelid demonspawn (Pan)
  10 unseen horrors
  13 anaconda skeletons
  An orange crystal statue (Abyss:1)
  A swamp dragon (shapeshifter) (Depths:2)
  A kraken simulacrum (Hell)
  8 wolf spider zombies
  40 deep elf magi
  18 shadow dragon zombies
  4 orc sorcerers (Orc:2)
  29 phantasmal warriors
  4 lindwurms (Depths:5)
  A mana viper (shapeshifter) (Vaults:5)
  20 ironbrand convokers
  10 harpies
  7 golden dragon skeletons
  A tengu skeleton (Depths:2)
  Pikel (D:7)
  13 necromancers
  7 shadow dragon skeletons
  67 ugly things
  2 wolf spiders
  14 mana vipers
  18 frost giant zombies
  A sphinx skeleton (Crypt:2)
  17 orc knights
  12 iron dragon zombies
  14 manticores
  93 large abominations
  9 salamanders
  10 shining eyes
  12 stone giant zombies
  Maurice (D:9)
  An elephant (shapeshifter) (Vaults:3)
  15 fire giant zombies
  9 guardian serpents
  An oklob plant (Lair:2)
  15 frost giant skeletons
  10 iron dragon skeletons
  4 worldbinders (Abyss:3)
  40 black mambas
  59 rust devils
  17 fauns
  12 fire giant skeletons
  19 moths of wrath
  13 stone giant skeletons
  12 cyclopes
  16 naga magi
  2 shock serpent zombies
  8 merfolk sirens
  2 apocalypse crabs (Abyss:1)
  6 water nymphs
  8 ice statues
  17 vault sentinels
  8 eyes of devastation
  A torpor snail (Lair:2)
  12 dire elephant skeletons
  53 hellions
  84 smoke demons
  48 orange demons
  8 spiny frogs
  12 molten gargoyles
  12 dire elephant zombies
  4 emperor scorpion zombies
  2 gargoyles
  3 spriggan skeletons
  3 shock serpent skeletons
  A rime drake (Lair:3)
  A purple draconian zombie (Crypt:1)
  8 komodo dragons
  A rime drake (shapeshifter) (Vaults:3)
  4 kobold demonologists
  A minotaur zombie (Crypt:3)
  32 demonic crawlers
  11 efreet
  A minotaur skeleton (Coc:5)
  76 freezing wraiths
  48 yaktaurs
  A catoblepas zombie (Dis:4)
  67 hellwings
  4 spriggan zombies
  4 catoblepas skeletons
  83 ice devils
  59 red devils
  4 ancient zymes
  39 merfolk
  35 hydra zombies
  56 guardian mummies
  10 harpy zombies
  76 tormentors
  4 tengu conjurers
  2 polar bears (Depths:1)
  2 queen bees (shapeshifter)
  5 trolls
  6 silent spectres
  Grinder (D:3)
  7 hornets
  7 harpy skeletons
  6 wind drakes
  6 hydra skeletons
  8 snapping turtles
  8 raiju
  16 alligator zombies
  14 ice dragon zombies
  2 deep troll zombies (Hell)
  2 wind drakes (shapeshifter)
  A hornet (shapeshifter) (Depths:2)
  A hippogriff (shapeshifter) (Depths:5)
  4 bog bodies
  15 fire dragon zombies
  A fire giant simulacrum (Tar:6)
  17 dream sheep
  11 hippogriffs
  19 ettin zombies
  29 blink frogs
  130 slime creatures
  3 black mamba zombies
  A redback (shapeshifter) (Vaults:4)
  2 air elementals
  5 spriggans
  3 fire dragon skeletons
  238 flying skulls
  8 ettin skeletons
  59 shadows
  41 water elementals
  28 ushabtiu
  8 alligator skeletons
  38 wraiths
  4 wyverns
  7 ice dragon skeletons
  22 yaks
  6 black mamba skeletons
  A vampire (D:11)
  59 ynoxinuls
  A human (shapeshifter) (Vaults:4)
  Grum (D:9)
  26 fire elementals
  3 basilisks
  A hog (D:13)
  6 golden eyes
  11 hungry ghosts
  35 neqoxecs
  6 vampire mosquitoes (D:15)
  44 chaos spawn
  8 spatial vortices
  5 wargs
  46 nagas
  98 hell hounds
  An infernal demonspawn zombie (Crypt:1)
  2 acid dragons
  3 gelid demonspawn zombies
  A soldier ant (shapeshifter) (Vaults:2)
  A torturous demonspawn zombie (Abyss:1)
  A water moccasin (shapeshifter) (D:13)
  21 spiny frog zombies
  5 hydra simulacra
  A torturous demonspawn skeleton (Crypt:3)
  18 soldier ants
  13 water moccasins
  6 porcupines
  2 water nymph skeletons
  2 black bears
  A floating eye (shapeshifter) (Vaults:5)
  4 floating eyes
  29 ice beasts
  An alligator simulacrum (Coc:5)
  A lindwurm zombie (Crypt:3)
  4 slaves (D:7)
  4 sky beasts
  8 snapping turtle zombies
  7 spiny frog skeletons
  5 swamp drakes (Depths:5)
  69 orc warriors
  21 phantoms
  5 eyes of draining
  An ice dragon simulacrum (Coc:1)
  5 snapping turtle skeletons
  3 manticore zombies
  25 ogres
  6 centaurs
  38 necrophages
  6 manticore skeletons
  4 swamp dragon zombies
  24 boggarts
  8 crocodiles
  16 wolves
  An elf skeleton (Vaults:3)
  3 swamp dragon skeletons
  5 big kobolds
  2 elf zombies
  16 bullfrogs
  A glowing shapeshifter simulacrum (Depths:2)
  A gnoll sergeant (D:11)
  A spiny frog simulacrum (Coc:1)
  6 earth elementals
  A water moccasin zombie (Crypt:1)
  A scorpion (D:13)
  2 troll zombies
  A queen bee zombie (Crypt:2)
  2 human simulacra
  8 killer bees
  4 tengu zombies
  6 jellies
  A troll skeleton (Crypt:1)
  3 vampire bats (D:6)
  83 wights
  2 electric eels
  6 howler monkeys
  7 starcursed masses
  5 centaur zombies
  22 crimson imps
  3 bullfrog zombies
  A black bear zombie (Crypt:3)
  3 quasits
  2 wolf skeletons (Crypt:2)
  5 centaur skeletons
  28 orc wizards
  30 orc priests
  A bullfrog skeleton (D:10)
  9 hounds
  A human skeleton (Coc:3)
  A human zombie (Coc:2)
  57 iron imps
  6 iguanas
  Ijyb (D:3)
  Terence (D:3)
  5 hell rats (Hell)
  35 worker ants
  A porcupine skeleton (Crypt:3)
  A killer bee zombie (D:5)
  A big kobold zombie (Ossuary)
  A felid zombie (Crypt:2)
  An ogre skeleton (Tar:2)
  3 hound skeletons
  75 mummies
  2 worker ant zombies
  9 gnolls
  13 adders
  30 shadow imps
  49 white imps
  4 ufetubi
  2 oozes (D:1)
  4 adder zombies
  An adder skeleton (Crypt:1)
  2 worms
  A worm (shapeshifter) (D:15)
  A dart slug (D:3)
  3 leopard geckos
  96 orcs
  8 bats
  A bat skeleton (Crypt:3)
  7 giant cockroaches
  4 goblins
  4 hobgoblins
  10 jackals
  14 kobolds
  11 quokkas
  A river rat zombie (Crypt:3)
  A ball python (D:1)
  A dart slug zombie (Crypt:2)
  4 frilled lizards
  2 goblin zombies (Ossuary)
  7 hobgoblin zombies (Ossuary)
  2 jackal zombies (Ossuary)
  12 kobold zombies (Ossuary)
  3 orc skeletons
  7 orc zombies
  11 rats
  A rat zombie (Ossuary)
  3 crawling corpses
  113 pillars of salt
  A plant (Shoals:4)
  12 starspawn tentacles (Abyss:1)
  6 tentacles
6914 creatures vanquished.

Vanquished Creatures (collateral kills)
  Bai Suzhen (Vaults:5)
  A titan (Vaults:5)
  A quicksilver dragon (Vaults:5)
  A tengu reaver (Vaults:5)
  A shadow dragon (Vaults:5)
  A storm dragon (Vaults:5)
  2 vault wardens (Vaults:5)
  A deep elf elementalist (Vaults:5)
  A war gargoyle (Vaults:5)
  A stone giant (Vaults:5)
  2 deep elf annihilators (Elf:3)
  An ettin (Vaults:5)
  3 deep elf death magi (Elf:3)
  2 deep elf high priests (Vaults:5)
  5 vault guards (Vaults:5)
  A small abomination (Vaults:5)
  A hell knight (Vaults:5)
  A lindwurm (shapeshifter) (Vaults:5)
  A necromancer (Vaults:5)
  A deep elf mage (Elf:3)
  2 vault sentinels (Vaults:5)
  An earth elemental (Elf:3)
  An orc (D:6)
  3 crawling corpses
36 creatures vanquished.

Vanquished Creatures (others)
  Vashnia (Snake:2)
  3 deep elf master archers (Elf:3)
  A tentacled starspawn (Abyss:1)
  13 eldritch tentacles
  A draconian knight (Zot:5)
  An ironheart preserver (Vaults:2)
  A stone giant (Depths:1)
  A deep elf annihilator (Elf:3)
  2 merfolk javelineers
  4 yaktaur captains
  A deep elf high priest (Vaults:5)
  A hell beast (Pan)
  A vault guard (Vaults:5)
  A centaur warrior (D:15)
  A satyr (Shoals:4)
  A spriggan (Depths:5)
  A spriggan berserker (Depths:2)
  2 naga sharpshooters
  A torturous demonspawn (Pan)
  3 deep elf archers
  3 ball lightnings (Slime:5)
  4 ugly things (Depths:2)
  2 deep elf magi
  A cyclops (Shoals:3)
  A fire giant skeleton (Geh:7)
  2 smoke demons (Pan)
  18 yaktaurs
  3 hellwings (Pan)
  A hornet (Depths:5)
  6 flying skulls
  A ynoxinul (Pan)
  2 nagas (Snake:4)
  2 ogres
  6 centaurs
  A scorpion (D:10)
  A human zombie (Geh:5)
  An orc wizard (Orc:2)
  A hell rat (Hell)
  67 bushes (Depths:2)
  2 demonic plants (Pan)
  A fire vortex (Geh:6)
  17 fungi
  2 lurking horrors
  381 pillars of salt
  24 plants
  16 starspawn tentacles (Abyss:1)
  19 tentacles
626 creatures vanquished.

Grand Total: 7576 creatures vanquished

Notes
Turn   | Place    | Note
-------+----------+-------------------------------------------
     0 | D:1      | Anathematize the Gargoyle Ice Elementalist began the quest
                  | for the Orb.
     0 | D:1      | Reached XP level 1. HP: 10/10 MP: 3/3
    88 | D:1      | Reached skill level 1 in Fighting
    88 | D:1      | Reached XP level 2. HP: 11/16 MP: 0/5
   564 | D:1      | Reached XP level 3. HP: 21/21 MP: 3/6
  1546 | D:2      | Reached skill level 1 in Maces & Flails
  1628 | D:2      | Reached XP level 4. HP: 26/26 MP: 4/7
  1637 | D:2      | Learned a level 4 spell: Throw Icicle
  1705 | D:2      | Reached skill level 1 in Armour
  2225 | D:3      | Reached XP level 5. HP: 31/31 MP: 5/8
  2300 | D:3      | Noticed Grinder
  2314 | D:3      | Paralysed by Grinder for 3 turns
  2627 | D:4      | Noticed a phantom
  2678 | D:3      | Killed a phantom
  2678 | D:3      | Reached XP level 6. HP: 31/37 MP: 9/9
  3287 | D:5      | Entered Level 5 of the Dungeon
  3455 | D:5      | Reached XP level 7. HP: 41/43 MP: 10/10
  3466 | D:5      | Found a sand-covered staircase.
  3498 | Ossuary  | Entered an ossuary
  4014 | D:5      | Found a basalt altar of Yredelemnul.
  4470 | D:5      | Reached skill level 5 in Fighting
  4470 | D:5      | Reached XP level 8. HP: 46/49 MP: 11/11
  5161 | D:6      | Reached skill level 5 in Maces & Flails
  5344 | D:6      | Reached skill level 5 in Armour
  5861 | D:6      | Reached XP level 9. HP: 53/55 MP: 12/12
  6947 | D:7      | Found a staircase to the Ecumenical Temple.
  6960 | Temple   | Entered the Ecumenical Temple
  7079 | Temple   | Became a worshipper of Zin the Law-Giver
  7079 | Temple   | Reached * piety under Zin
  7236 | D:7      | Reached skill level 1 in Invocations
  7249 | D:7      | Found a flagged portal.
  7257 | Bailey   | Entered a bailey
  8211 | Bailey   | Was placed under penance by Zin
  9658 | Bailey   | Noticed an orc knight
  9725 | D:7      | Reached XP level 10. HP: 51/63 MP: 11/13
 10067 | D:7      | Noticed Pikel
 10080 | D:7      | Killed Pikel
 10517 | D:8      | Found a staircase to the Lair.
 10819 | D:8      | Was forgiven by Zin
 10880 | D:8      | Noticed a two-headed ogre
 10983 | Lair:1   | Entered Level 1 of the Lair of Beasts
 11025 | Lair:1   | Noticed a spiny frog
 11035 | Lair:1   | Killed a spiny frog
 11331 | Lair:1   | Reached ** piety under Zin
 11745 | Lair:1   | Noticed Fannar
 11903 | Lair:2   | Noticed a spiny frog
 11926 | Lair:2   | Killed a spiny frog
 11926 | Lair:2   | Reached skill level 10 in Maces & Flails
 12093 | Lair:2   | Noticed a merfolk siren
 12108 | Lair:2   | Killed a merfolk siren
 12108 | Lair:2   | Reached skill level 5 in Invocations
 12108 | Lair:2   | Reached XP level 11. HP: 67/69 MP: 14/14
 13225 | Lair:2   | Noticed an oklob plant
 13426 | Lair:2   | Found a staircase to the Snake Pit.
 13900 | Lair:3   | Got a slimy tin ring
 13901 | Lair:3   | Identified the ring "Peuphock" {rN+ AC+6 Int+4} (You found
                  | it on level 3 of the Lair of Beasts)
 14071 | Lair:3   | Noticed a catoblepas
 14098 | Lair:3   | Killed a catoblepas
 14510 | Lair:3   | Reached *** piety under Zin
 14870 | Lair:3   | Reached XP level 12. HP: 77/77 MP: 17/17
 14916 | Lair:3   | Reached **** piety under Zin
 15263 | Lair:4   | Reached skill level 10 in Fighting
 15301 | Lair:4   | Found a burning altar of Makhleb.
 16328 | Lair:5   | Reached skill level 10 in Armour
 16470 | Lair:5   | Noticed a seven-headed hydra
 16479 | Lair:5   | Killed a seven-headed hydra
 16541 | Lair:5   | Found a runed translucent gate.
 16541 | Lair:5   | Found a runed translucent gate.
 16541 | Lair:5   | Found a runed translucent gate.
 16543 | Lair:5   | Noticed Mumum's ghost (journeyman DrFE)
 16543 | Lair:5   | Noticed Ruewk's ghost (journeyman CeAM)
 16544 | Lair:5   | Noticed Thalamas's ghost (journeyman MiBe)
 16882 | Lair:5   | Got a steaming lapis lazuli ring
 17099 | Lair:5   | Found a staircase to the Slime Pits.
 17372 | Lair:6   | Entered Level 6 of the Lair of Beasts
 18174 | Lair:6   | Noticed a six-headed hydra
 18212 | Lair:5   | Killed a six-headed hydra
 18396 | Lair:6   | Reached XP level 13. HP: 82/84 MP: 17/19
 18788 | Lair:6   | Identified the ring "Eppaz" {rN+ AC+5 Stlth+} (You found it
                  | on level 5 of the Lair of Beasts)
 18843 | Lair:6   | Noticed Comi's ghost (journeyman TeBe)
 18844 | Lair:6   | Found a runed translucent gate.
 18849 | Lair:6   | Found a runed translucent gate.
 18849 | Lair:6   | Found a runed translucent gate.
 19138 | Lair:6   | Noticed an entropy weaver
 19144 | Lair:6   | Noticed an entropy weaver
 19443 | Lair:6   | Identified the Grimoire of the Quahog
 19692 | Lair:2   | Found a staircase to the Shoals.
 19862 | Lair:1   | Killed Fannar
 20081 | D:8      | Identified a scroll of acquirement
 20576 | D:3      | Noticed Ijyb
 20586 | D:3      | Killed Ijyb
 20705 | D:3      | Noticed Terence
 20709 | D:3      | Killed Terence
 20837 | D:3      | Killed Grinder
 21100 | D:9      | Found a roughly hewn altar of Beogh.
 21245 | D:9      | Noticed Grum
 21252 | D:9      | Killed Grum
 21290 | D:9      | Noticed Erolcha
 21295 | D:9      | Killed Erolcha
 21395 | D:9      | Noticed Erica
 21406 | D:9      | Killed Erica
 21507 | D:9      | Found an opulent altar of Gozag.
 21508 | D:9      | Found a runed translucent gate.
 21508 | D:9      | Found a runed translucent gate.
 21508 | D:9      | Found a runed translucent gate.
 21508 | D:9      | Noticed miscthings's ghost (novice GrMo)
 21651 | D:9      | Found a staircase to the Orcish Mines.
 21885 | D:10     | Entered Level 10 of the Dungeon
 22080 | D:10     | Reached skill level 5 in Dodging
 22088 | D:10     | Noticed Maurice
 22342 | Orc:1    | Entered Level 1 of the Orcish Mines
 22393 | Orc:1    | Noticed an orc warlord
 23148 | D:9      | Killed Maurice
 23148 | D:9      | Reached skill level 10 in Invocations
 23263 | D:10     | Found a corrupted altar of Lugonu.
 23380 | D:10     | Gained mutation: Your large and strong wings let you fly
                  | indefinitely. [Gargoyle growth]
 23380 | D:10     | Reached XP level 14. HP: 92/92 MP: 21/21
 23509 | D:10     | Reached ***** piety under Zin
 23957 | D:11     | Noticed Urug
 24158 | D:10     | Killed Urug
 24699 | D:11     | Found a shadowy altar of Dithmenos.
 24767 | D:11     | Found Gaestaod's Food Shop.
 25333 | D:12     | Found a stormy altar of Qazlal.
 25440 | D:12     | Noticed Nessos
 25463 | D:12     | Killed Nessos
 25658 | D:12     | Reached skill level 15 in Maces & Flails
 25680 | D:12     | Noticed Jorgrun
 25695 | D:12     | Killed Jorgrun
 25833 | D:12     | Noticed Josephine
 25848 | D:12     | Killed Josephine
 26100 | D:13     | Noticed Frances
 26687 | D:13     | Killed Frances
 26787 | D:13     | Reached ****** piety under Zin
 26984 | D:13     | Found a runed translucent gate.
 26984 | D:13     | Found a runed translucent gate.
 26984 | D:13     | Found a runed translucent gate.
 26986 | D:13     | Noticed Maxmaps's ghost (adept FoSk)
 28022 | D:13     | Noticed Kirke
 28182 | D:9      | Killed an orc warlord
 28182 | D:9      | Reached XP level 15. HP: 55/98 MP: 13/23
 28717 | Orc:2    | Entered Level 2 of the Orcish Mines
 29497 | Orc:2    | Found a roughly hewn altar of Beogh.
 29654 | Orc:2    | Noticed Saint Roka
 29793 | Orc:2    | Killed Saint Roka
 29801 | Orc:2    | Found a roughly hewn altar of Beogh.
 29904 | Orc:2    | Found Pirut's Antique Weapon Shop.
 29987 | Orc:2    | Found Dumaidous's General Store.
 30029 | Orc:2    | Bought a potion of agility for 44 gold pieces
 30037 | Orc:2    | Found Owoelin's Jewellery Shop.
 30039 | Orc:2    | Found a staircase to the Elven Halls.
 30053 | Orc:2    | Found Zaullotz's Antique Armour Shop.
 30062 | Orc:2    | Bought a runed helmet for 135 gold pieces
 30106 | Orc:2    | Bought a +4 amulet of reflection for 351 gold pieces
 30128 | Orc:2    | Bought a faintly glowing hand axe for 256 gold pieces
 30130 | Orc:2    | Identified the cursed +1 hand axe "Irem Duos" {freeze, rF-
                  | Str+2 Dex+3} (You bought it in a shop on level 2 of the
                  | Orcish Mines)
 30379 | Orc:2    | Bought a ration for 55 gold pieces
 30974 | Shoals:1 | Entered Level 1 of the Shoals
 31203 | Shoals:1 | Reached skill level 1 in Shields
 31580 | Snake:1  | Entered Level 1 of the Snake Pit
 32956 | Shoals:1 | Noticed a kraken
 34847 | Snake:1  | Found Elloro's Antique Weapon Shoppe.
 34847 | Snake:1  | Found Caifoude's Antique Weapon Emporium.
 35006 | Snake:1  | Reached skill level 5 in Shields
 35129 | Snake:1  | Reached XP level 16. HP: 105/105 MP: 25/25
 36032 | Snake:1  | Identified the +3 pair of gloves "Zioniot" {rElec rF+
                  | Str+3} (You found it on level 1 of the Snake Pit)
 37628 | Snake:2  | Noticed Vashnia
 37923 | Snake:2  | Killed Vashnia
 39695 | Snake:4  | Entered Level 4 of the Snake Pit
 40274 | Snake:3  | Reached skill level 10 in Shields
 40516 | Snake:4  | Reached XP level 17. HP: 107/112 MP: 27/27
 40684 | Snake:3  | Reached skill level 15 in Fighting
 41197 | Snake:4  | Found Qeruboy's Mayhem Merchandise.
 45464 | Snake:4  | Reached XP level 18. HP: 120/120 MP: 29/29
 45555 | Snake:4  | Got a serpentine rune of Zot
 45817 | D:11     | Bought a ration for 65 gold pieces
 45817 | D:11     | Bought a ration for 65 gold pieces
 45817 | D:11     | Bought a ration for 65 gold pieces
 45817 | D:11     | Bought a ration for 65 gold pieces
 45817 | D:11     | Bought a ration for 65 gold pieces
 45817 | D:11     | Bought a ration for 65 gold pieces
 45817 | D:11     | Bought a ration for 65 gold pieces
 45817 | D:11     | Bought a ration for 65 gold pieces
 46159 | D:13     | Killed Kirke
 46439 | D:14     | Found a gate to the Vaults.
 46501 | D:14     | Learned a level 2 spell: Blink
 47043 | D:15     | Entered Level 15 of the Dungeon
 47135 | D:15     | Reached skill level 15 in Invocations
 47226 | D:15     | Found a staircase to the Depths.
 48222 | Vaults:1 | Entered Level 1 of the Vaults
 48235 | Vaults:1 | Noticed an Ice Fiend
 48581 | Shoals:2 | Found Bofabrinn's Armour Emporium.
 50115 | Shoals:3 | Reached skill level 15 in Shields
 50648 | Shoals:3 | Found Begolaev's Antique Weapon Shop.
 50762 | Shoals:3 | Bought a glowing demon whip for 666 gold pieces
 51031 | Temple   | Fell from the grace of Zin
 51031 | Temple   | Became a worshipper of the Shining One
 51031 | Temple   | Reached * piety under the Shining One
 51031 | Temple   | Reached ** piety under the Shining One
 51031 | Temple   | Reached *** piety under the Shining One
 51214 | Shoals:4 | Entered Level 4 of the Shoals
 51364 | Shoals:4 | Reached **** piety under the Shining One
 51453 | Shoals:4 | Noticed Donald
 51478 | Shoals:4 | Killed Donald
 51741 | Shoals:4 | Reached XP level 19. HP: 104/127 MP: 30/30
 52131 | Shoals:4 | Noticed Polyphemus
 52311 | Shoals:4 | Killed Polyphemus
 52847 | Shoals:4 | Identified the ring "Ven Qiti" {rN+ MR+ AC+5 Int-2}
 53552 | Shoals:4 | Got a barnacled rune of Zot
 54124 | Vaults:1 | Noticed a Hell Sentinel
 54910 | Vaults:1 | Reached ***** piety under the Shining One
 55709 | Vaults:1 | Reached skill level 15 in Armour
 56142 | Vaults:1 | Reached XP level 20. HP: 128/136 MP: 32/32
 56693 | Vaults:2 | Identified the +4 morningstar "Sunuyvug" {crush, rElec}
 59349 | Vaults:2 | Identified the amulet "Ycrur" {Gourm rN+ Int+4} (You found
                  | it on level 2 of the Vaults)
 59814 | Vaults:3 | Reached ****** piety under the Shining One
 59831 | Vaults:3 | Identified a +3 sacred scourge of holy wrath (a +1 vampiric
                  | demon whip blessed by the Shining One)
 59831 | Vaults:3 | Received a gift from the Shining One
 60083 | Vaults:3 | Reached XP level 21. HP: 142/142 MP: 33/33
 60601 | Vaults:3 | Found a staircase to the Crypt.
 61380 | Vaults:3 | Reached skill level 10 in Dodging
 61609 | Vaults:3 | Noticed Mennas
 61751 | Vaults:3 | Killed Mennas
 62477 | Vaults:4 | Found Gaivafay's Gadget Shoppe.
 62757 | Vaults:4 | Noticed a golden dragon
 62908 | Vaults:4 | Reached skill level 5 in Conjurations
 63926 | Vaults:4 | Reached XP level 22. HP: 146/150 MP: 35/35
 64574 | Elf:1    | Entered Level 1 of the Elven Halls
 64752 | Elf:1    | Reached skill level 5 in Spellcasting
 65399 | Elf:2    | Found a runed translucent gate.
 65613 | Elf:2    | Learned a level 4 spell: Iskenderun's Mystic Blast
 65975 | Elf:2    | Found a runed translucent gate.
 65976 | Elf:2    | Found a runed translucent gate.
 66182 | Elf:3    | Entered Level 3 of the Elven Halls
 66275 | Elf:3    | Upgraded the game from 0.24-a0-269-g32ec7ca to
                  | 0.24-a0-271-ga0fc33f
 67451 | Elf:3    | Identified the +8 scimitar "Syih" {freeze, Str+4}
 67932 | Elf:3    | Cast into level 3 of the Abyss (a deep elf sorcerer)
 67943 | Abyss:3  | Found a corrupted altar of Lugonu.
 67956 | Elf:3    | Escaped the Abyss
 68034 | Elf:3    | Noticed Asterion
 68053 | Elf:3    | Killed Asterion
 68261 | Elf:3    | Reached XP level 23. HP: 156/156 MP: 37/37
 68399 | Elf:3    | Identified Magic in Simple Steps
 68407 | Elf:3    | Identified the Grimoire of Damaging Creation
 68582 | Elf:3    | Identified the +9 rapier of the Sugar Beet {chaos, rF+
                  | Dex+5}
 68624 | Elf:3    | Found the +6 Majin-Bo {vamp, Archmagi MP+6 Int+6}
 68634 | Elf:3    | Identified Typn's Volume of Frigorific Venom
 68985 | Depths:1 | Entered Level 1 of the Depths
 68985 | Depths:1 | Found a one-way gate to the infinite horrors of the Abyss.
 69608 | Depths:1 | Found a gateway to a ziggurat.
 70780 | Depths:1 | Identified the ring of Ladd {rCorr Str+3}
 71081 | Depths:1 | Learned a level 3 spell: Stone Arrow
 71320 | Depths:1 | Reached skill level 1 in Earth Magic
 71362 | Depths:1 | Found a gateway to Hell.
 72031 | Depths:2 | Found a one-way gate leading to the halls of Pandemonium.
 72079 | Depths:2 | Reached skill level 10 in Conjurations
 72129 | Depths:2 | Noticed a golden dragon
 72759 | Depths:2 | Found a runed translucent door.
 72765 | Depths:2 | Noticed Plog's ghost (adept DgCj)
 73764 | Depths:2 | Reached XP level 24. HP: 164/164 MP: 37/37
 74196 | Vaults:5 | Entered Level 5 of the Vaults
 74196 | Vaults:5 | Noticed Bai Suzhen
 74685 | Vaults:5 | Found Nennetz's Magic Scroll Shop.
 74842 | Vaults:5 | Noticed an ancient lich
 74849 | Vaults:5 | Killed an ancient lich
 74876 | Vaults:5 | Killed Bai Suzhen
 74920 | Vaults:5 | Identified the +10 battleaxe "Xiannoan" {drain, *Rage Dex+7
                  | Stlth+}
 74920 | Vaults:5 | Identified the +5 ring mail "Qobeedes" {+Fly Str+3 Int-4}
 75123 | Vaults:5 | Bought a scroll of silence for 90 gold pieces
 75123 | Vaults:5 | Bought a scroll of summoning for 114 gold pieces
 75432 | Vaults:4 | Reached skill level 10 in Spellcasting
 75604 | Vaults:5 | Identified the cursed -7 shield of Luthav {SInv} (You found
                  | it on level 5 of the Vaults)
 76763 | Vaults:5 | Got a silver rune of Zot
 77113 | Temple   | Fell from the grace of the Shining One
 77113 | Temple   | Became a worshipper of Zin the Law-Giver
 77481 | Depths:3 | Found a runed translucent door.
 77481 | Depths:3 | Noticed a caustic shrike
 77530 | Depths:3 | Reached XP level 25. HP: 171/171 MP: 38/38
 78160 | Depths:3 | Noticed Aizul
 78188 | Depths:3 | Killed Aizul
 78577 | Depths:3 | Identified the +4 faerie dragon scales {*Slow rN+ rCorr
                  | HP-3 Str+2 Dex+2}
 78577 | Depths:3 | Noticed the Enchantress
 78608 | Depths:3 | Killed the Enchantress
 78818 | Depths:3 | Found Pise's Food Emporium.
 79225 | Depths:3 | Bought a ration for 65 gold pieces
 79225 | Depths:3 | Bought a ration for 65 gold pieces
 80033 | Depths:4 | Noticed a juggernaut
 80770 | Depths:4 | Killed a juggernaut
 82008 | Depths:4 | You are sucked into a shaft!
 82008 | Depths:5 | Entered Level 5 of the Depths
 82009 | Depths:5 | Noticed a juggernaut
 82273 | Depths:4 | Killed a juggernaut
 82273 | Depths:4 | Reached XP level 26. HP: 164/179 MP: 38/38
 85097 | Depths:5 | Found a gateway to a bazaar.
 85107 | Bazaar   | Entered a bazaar
 85107 | Bazaar   | Found Exil's Book Shop.
 85107 | Bazaar   | Found Yllis's Book Shop.
 85107 | Bazaar   | Found Forecviga's Antique Armour Shoppe.
 85109 | Bazaar   | Found Qauxtaf's Magic Scroll Boutique.
 85176 | Bazaar   | Bought a book of Power for 495 gold pieces
 85179 | Bazaar   | Bought a book of the Earth for 845 gold pieces
 85185 | Bazaar   | Bought a scroll of amnesia for 52 gold pieces
 85185 | Bazaar   | Bought a scroll of enchant armour for 112 gold pieces
 85185 | Bazaar   | Bought a scroll of teleportation for 45 gold pieces
 85185 | Bazaar   | Bought a scroll of fog for 30 gold pieces
 85185 | Bazaar   | Bought a scroll of fog for 30 gold pieces
 85185 | Bazaar   | Bought a scroll of teleportation for 45 gold pieces
 85193 | Bazaar   | Bought a pitted plate armour for 616 gold pieces
 85195 | Bazaar   | Identified the cursed +1 plate armour "Ulaliz" {Int+4
                  | Dex+7} (You bought it in a shop in a bazaar)
 85217 | Depths:5 | Learned a level 7 spell: Orb of Destruction
 85224 | Depths:5 | Learned a level 6 spell: Iron Shot
 85234 | Depths:5 | Learned a level 9 spell: Shatter
 85989 | Orc:2    | Bought an uncursed staff of energy for 275 gold pieces
 86535 | Lair:5   | Killed Thalamas's ghost
 86540 | Lair:5   | Killed Mumum's ghost
 86540 | Lair:5   | Reached skill level 5 in Earth Magic
 86546 | Lair:5   | Killed Ruewk's ghost
 86587 | Lair:5   | Identified Xiyn's Guide on Dusty Darkness
 86601 | Lair:5   | Learned a level 5 spell: Lee's Rapid Deconstruction
 87049 | Depths:3 | Identified Xed Daid's Tome of Stones and Transformation
 87328 | Depths:5 | Found a gate to the Realm of Zot.
 87328 | Depths:5 | Identified the +5 spear of Naes {drain, rF- rN+++ MR+ SInv}
 87707 | Depths:5 | Reached skill level 15 in Conjurations
 89050 | Zot:1    | Entered Level 1 of the Realm of Zot
 89245 | Zot:1    | Noticed an orb of fire
 89266 | Zot:1    | Killed an orb of fire
 89266 | Zot:1    | Reached XP level 27. HP: 106/186 MP: 39/39
 92185 | Depths:3 | Bought a ration for 65 gold pieces
 92185 | Depths:3 | Bought a ration for 65 gold pieces
 92185 | Depths:3 | Bought a ration for 65 gold pieces
 92185 | Depths:3 | Bought a ration for 65 gold pieces
 92185 | Depths:3 | Bought a ration for 65 gold pieces
 92185 | Depths:3 | Bought a ration for 65 gold pieces
 92185 | Depths:3 | Bought a ration for 65 gold pieces
 92185 | Depths:3 | Bought a ration for 65 gold pieces
 92426 | Crypt:1  | Entered Level 1 of the Crypt
 93922 | Crypt:2  | Noticed Boris
 93930 | Crypt:2  | Killed Boris
 94067 | Crypt:2  | Noticed a greater mummy
 94068 | Crypt:2  | Noticed a greater mummy
 94070 | Crypt:2  | Noticed Khufu
 94075 | Crypt:2  | Killed a greater mummy
 94075 | Crypt:2  | Reached skill level 10 in Earth Magic
 94075 | Crypt:2  | Killed a greater mummy
 94088 | Crypt:2  | Killed Khufu
 94519 | Crypt:3  | Entered Level 3 of the Crypt
 94972 | Crypt:3  | Found a large runed translucent door.
 94973 | Crypt:3  | Found a large runed translucent door.
 94998 | Crypt:3  | Noticed Jetyrhek's ghost (veteran GrEE)
 95687 | Crypt:3  | Found a staircase to the Tomb.
 96051 | Crypt:3  | Noticed a greater mummy
 96072 | Crypt:3  | Killed a greater mummy
 96101 | Crypt:3  | Reached skill level 27 in Invocations
 96121 | Crypt:3  | Found a basalt altar of Yredelemnul.
 96124 | Crypt:3  | Found an ancient bone altar of Kikubaaqudgha.
 96168 | Crypt:3  | Got a brightly glowing jade ring
 96169 | Crypt:3  | Identified the ring "Isuefrele" {+Inv rPois rC++ AC+3
                  | Dex-3} (You found it on level 3 of the Crypt)
 96467 | Depths:1 | Voluntarily entered the Abyss.
 96467 | Tar:7    | Entered Level 7 of Tartarus
 96470 | Abyss:1  | Found a corrupted altar of Lugonu.
 96958 | Abyss:2  | Paralysed by accursed screaming for 1 turns
 96985 | Depths:1 | Escaped the Abyss
 97051 | Depths:1 | Voluntarily entered the Abyss.
 97281 | Abyss:3  | Found a corrupted altar of Lugonu.
 97555 | Abyss:3  | Got an abyssal rune of Zot
 97564 | Depths:1 | Escaped the Abyss
 98665 | Zot:2    | You are sucked into a shaft for 2 floors!
 98729 | Zot:4    | Got a bound ivory ring
 98730 | Zot:4    | Identified the ring "Pejaq" {Fire rPois} (You found it on
                  | level 4 of the Realm of Zot)
 98883 | Zot:4    | Reached skill level 15 in Earth Magic
 99341 | Zot:3    | Found a stormy altar of Qazlal.
 99341 | Zot:3    | Noticed an ancient lich
 99356 | Zot:4    | Killed an ancient lich
103069 | Zot:5    | Entered Level 5 of the Realm of Zot
104237 | Hell     | Entered the Vestibule of Hell
104237 | Hell     | Noticed Geryon
104317 | Hell     | Noticed an ancient lich
105022 | Depths:5 | Killed an ancient lich
105157 | Hell     | Killed Geryon
105206 | Hell     | Found a gateway to the decaying netherworld of Tartarus.
105310 | Hell     | Found a gateway to the ashen valley of Gehenna.
105419 | Hell     | Found a gateway to the Iron City of Dis.
105526 | Hell     | Found a gateway to the freezing wastes of Cocytus.
105654 | Geh:1    | Entered Level 1 of Gehenna
106962 | Geh:7    | Entered Level 7 of Gehenna
109339 | Geh:7    | Identified the +7 sceptre of Asmodeus
109339 | Geh:7    | Noticed Asmodeus
109369 | Geh:7    | Killed Asmodeus
109382 | Geh:7    | Got an obsidian rune of Zot
109578 | Tar:1    | Entered Level 1 of Tartarus
111819 | Tar:1    | Reached skill level 27 in Fighting
113120 | Tar:2    | Gained mutation: You are dopey. (Int -2) [mutagenic glow]
113186 | Tar:3    | Lost mutation: You are dopey. (Int -2) [potion of mutation]
114053 | Tar:4    | Gained mutation: Armour fits poorly on your strangely
                  | shaped body. [mutagenic glow]
116157 | Tar:6    | Noticed an ancient lich
116176 | Tar:6    | Killed an ancient lich
116216 | Tar:6    | Reached skill level 27 in Earth Magic
116394 | Tar:7    | Entered Level 7 of Tartarus
118351 | Tar:7    | Reached skill level 15 in Spellcasting
119255 | Tar:7    | Noticed Ereshkigal
119742 | Tar:7    | Killed Ereshkigal
119834 | Tar:7    | Got a bone rune of Zot
120035 | Coc:1    | Entered Level 1 of Cocytus
125910 | Coc:7    | Entered Level 7 of Cocytus
126812 | Coc:7    | Identified Ekkihi Noso's Grimoire of Boosting Conjuration
127280 | Coc:7    | Noticed Antaeus
127317 | Coc:7    | Killed Antaeus
127374 | Coc:7    | Got an icy rune of Zot
127943 | Snake:4  | Bought a book of Fire for 910 gold pieces
127952 | Snake:4  | Learned a level 8 spell: Ignition
128425 | Dis:1    | Entered Level 1 of the Iron City of Dis
128553 | Dis:1    | Reached skill level 1 in Fire Magic
129468 | Dis:2    | Reached skill level 5 in Fire Magic
130332 | Dis:3    | You are sucked into a shaft!
131269 | Dis:4    | Reached skill level 10 in Fire Magic
133345 | Dis:7    | Entered Level 7 of the Iron City of Dis
134681 | Dis:7    | Reached skill level 15 in Fire Magic
135946 | Dis:7    | Identified the +3 trident "Keosauco" {flame, Fragile rF-
                  | Int+2 Dex+9}
136677 | Dis:7    | Identified the ring "Raasm" {rF+ Stlth+}
137321 | Dis:7    | Identified the +4 staff of Dispater
137321 | Dis:7    | Noticed Dispater
137347 | Dis:7    | Killed Dispater
137594 | Dis:7    | Learned a level 1 spell: Apportation
137594 | Dis:7    | Identified the Papyrus of Creative Transmutation
137597 | Dis:7    | Identified the Guide on Hurtful Displacement
137600 | Dis:7    | Got an iron rune of Zot
137948 | Zot:5    | Lost mutation: Armour fits poorly on your strangely shaped
                  | body. [potion of mutation]
138301 | Zot:5    | Noticed an ancient lich
138314 | Zot:5    | Killed an ancient lich
138522 | Zot:5    | Noticed an orb of fire
138572 | Zot:5    | Killed an orb of fire
138846 | Zot:5    | Noticed an ancient lich
138870 | Zot:5    | Killed an ancient lich
139276 | Zot:5    | Noticed an ancient lich
139407 | Zot:5    | Noticed an orb of fire
139412 | Zot:5    | Killed an orb of fire
139412 | Zot:5    | Reached skill level 27 in Armour
139425 | Zot:5    | Killed an ancient lich
139474 | Zot:5    | Noticed an orb of fire
139496 | Zot:5    | Killed an orb of fire
139530 | Zot:5    | Noticed an orb of fire
139557 | Zot:5    | Killed an orb of fire
139565 | Zot:5    | Noticed an orb of fire
139579 | Zot:5    | Killed an orb of fire
139640 | Zot:5    | Noticed an ancient lich
139706 | Zot:5    | Killed an ancient lich
140652 | Zot:5    | Learned a level 5 spell: Bolt of Magma
140990 | Zot:5    | Noticed an ancient lich
141006 | Zot:5    | Killed an ancient lich
141362 | Pan      | Entered Pandemonium
141632 | Pan      | Noticed Xybyr the pandemonium lord
141923 | Pan      | Noticed Ruur the pandemonium lord
142006 | Pan      | Noticed Vaupsiak the pandemonium lord
142032 | Pan      | Killed Vaupsiak the pandemonium lord
142385 | Pan      | Found a white marble altar of Elyvilon.
145385 | Pan      | Noticed a seraph
145398 | Pan      | Killed a seraph
145463 | Pan      | Found a glowing golden altar of the Shining One.
145482 | Pan      | Got a demonic rune of Zot
145642 | Depths:3 | Escaped Pandemonium
145644 | Pan      | Found an exit through the horrors of the Abyss.
145840 | Pan      | Got a faintly glowing lead ring
145841 | Pan      | Identified the ring of Feareon {-Tele rC+ Int+9 Dex-3 SInv}
                  | (You found it in Pandemonium)
145846 | Pan      | Got a twitching silver ring
145848 | Pan      | Identified the ring of Biuwueneps {*Tele Str+5 Int+6} (You
                  | found it in Pandemonium)
145991 | Pan      | Got a steaming platinum ring
145992 | Pan      | Identified the ring of the Zebra {Ice rN+ Int+5 Dex+4} (You
                  | found it in Pandemonium)
146082 | Pan      | Identified the +6 sword of Cerebov {flame}
146082 | Pan      | Noticed Cerebov
146110 | Pan      | Killed Cerebov
146286 | Pan      | Got a fiery rune of Zot
146736 | Pan      | Identified the cursed +0 hunting sling "Lif Mewoq" {venom,
                  | Str+7 Dex+4}
146737 | Depths:3 | Escaped Pandemonium
146990 | Pan      | Noticed Yranagga the pandemonium lord
147729 | Pan      | Identified the cursed +0 ring mail "Sesurphaq" {rC- Str+3
                  | Dex+3}
147944 | Pan      | Noticed Nathegos the pandemonium lord
147954 | Pan      | Killed Nathegos the pandemonium lord
148627 | Pan      | Noticed Plog the pandemonium lord
149036 | Pan      | Found an exit through the horrors of the Abyss.
149070 | Pan      | Took an exit into the Abyss.
149070 | Abyss:1  | Escaped into the Abyss
149070 | Slime:5  | Entered Level 5 of the Pits of Slime
149077 | Depths:3 | Escaped the Abyss
149081 | Pan      | Found a transporter.
149096 | Pan      | Found a transporter.
149127 | Pan      | Found an exit through the horrors of the Abyss.
149596 | Pan      | Found an exit through the horrors of the Abyss.
149617 | Pan      | Found an exit through the horrors of the Abyss.
149639 | Depths:3 | Escaped Pandemonium
150849 | Pan      | Learned a level 6 spell: Bolt of Fire
151122 | Pan      | Found an exit through the horrors of the Abyss.
151133 | Pan      | Took an exit into the Abyss.
151133 | Abyss:1  | Escaped into the Abyss
151151 | Depths:3 | Escaped the Abyss
151175 | Pan      | Found an exit through the horrors of the Abyss.
151180 | Pan      | Took an exit into the Abyss.
151180 | Abyss:1  | Escaped into the Abyss
151184 | Abyss:1  | Found a corrupted altar of Lugonu.
151288 | Depths:3 | Escaped the Abyss
152809 | Pan      | Noticed Mnoleg
152823 | Pan      | Killed Mnoleg
152860 | Pan      | Identified the ring "Utzaw" {EV+3 Int+4} (You found it in
                  | Pandemonium)
152889 | Pan      | Got a glowing rune of Zot
153625 | Pan      | Noticed Tazxutew the pandemonium lord
153833 | Pan      | Killed Tazxutew the pandemonium lord
154649 | Pan      | Reached skill level 27 in Fire Magic
154914 | Pan      | Found an exit through the horrors of the Abyss.
155105 | Pan      | Found an exit through the horrors of the Abyss.
155114 | Pan      | Took an exit into the Abyss.
155114 | Abyss:1  | Escaped into the Abyss
155114 | Abyss:1  | Found an iron altar of Okawaru.
155522 | Depths:3 | Escaped the Abyss
155908 | Pan      | Found an exit through the horrors of the Abyss.
155938 | Pan      | Took an exit into the Abyss.
155938 | Abyss:1  | Escaped into the Abyss
156089 | Depths:3 | Escaped the Abyss
156112 | Pan      | Found an exit through the horrors of the Abyss.
156119 | Pan      | Took an exit into the Abyss.
156119 | Abyss:1  | Escaped into the Abyss
156232 | Depths:3 | Escaped the Abyss
156602 | Pan      | Noticed Ekefisymp the pandemonium lord
156610 | Pan      | Killed Ekefisymp the pandemonium lord
157761 | Pan      | Found an exit through the horrors of the Abyss.
158042 | Pan      | Noticed Vosa the pandemonium lord
158049 | Pan      | Killed Vosa the pandemonium lord
158455 | Pan      | Noticed Binauh the pandemonium lord
158467 | Pan      | Killed Binauh the pandemonium lord
159184 | Pan      | Found an exit through the horrors of the Abyss.
159195 | Pan      | Took an exit into the Abyss.
159195 | Abyss:1  | Escaped into the Abyss
159383 | Abyss:1  | Reached skill level 27 in Spellcasting
159550 | Depths:3 | Escaped the Abyss
159573 | Pan      | Found an exit through the horrors of the Abyss.
159595 | Pan      | Took an exit into the Abyss.
159595 | Abyss:1  | Escaped into the Abyss
159595 | Abyss:1  | Found a corrupted altar of Lugonu.
159666 | Depths:3 | Escaped the Abyss
160297 | Pan      | Noticed Inuci the pandemonium lord
160310 | Pan      | Killed Inuci the pandemonium lord
160396 | Pan      | Noticed Yzat the pandemonium lord
160517 | Pan      | Noticed Ykhurapp the pandemonium lord
160528 | Pan      | Killed Ykhurapp the pandemonium lord
161050 | Pan      | Noticed Sodyrphuoh the pandemonium lord
161068 | Pan      | Killed Sodyrphuoh the pandemonium lord
161515 | Pan      | Noticed Veziadept the pandemonium lord
161527 | Pan      | Noticed Ulehof the pandemonium lord
161548 | Pan      | Killed Ulehof the pandemonium lord
161787 | Pan      | Found an exit through the horrors of the Abyss.
161800 | Pan      | Took an exit into the Abyss.
161800 | Abyss:1  | Escaped into the Abyss
162015 | Depths:3 | Escaped the Abyss
163098 | Pan      | Noticed Zubag the pandemonium lord
163106 | Pan      | Killed Zubag the pandemonium lord
164031 | Pan      | Noticed Fog Niawk the pandemonium lord
164743 | Pan      | Killed Fog Niawk the pandemonium lord
164977 | Pan      | Noticed Lom Lobon
166454 | Pan      | Got a magical rune of Zot
166940 | Pan      | Noticed Bynk the pandemonium lord
166952 | Pan      | Killed Bynk the pandemonium lord
167168 | Pan      | Reached skill level 27 in Conjurations
167234 | Pan      | Noticed Kiah Pemn the pandemonium lord
167247 | Pan      | Killed Kiah Pemn the pandemonium lord
167469 | Pan      | Noticed Uptiav the pandemonium lord
167556 | Pan      | Noticed Teud the pandemonium lord
167565 | Pan      | Killed Teud the pandemonium lord
168057 | Pan      | Noticed Lurchuch the pandemonium lord
168073 | Pan      | Killed Lurchuch the pandemonium lord
168275 | Pan      | Found an exit through the horrors of the Abyss.
169286 | Pan      | Reached skill level 15 in Dodging
169455 | Pan      | Noticed Gloorx Vloq
169471 | Pan      | Killed Gloorx Vloq
169487 | Pan      | Got a dark rune of Zot
169733 | Pan      | Took an exit into the Abyss.
169733 | Abyss:1  | Escaped into the Abyss
169962 | Depths:3 | Escaped the Abyss
170259 | Slime:1  | Entered Level 1 of the Pits of Slime
170905 | Slime:1  | Learned a level 7 spell: Ring of Flames
170911 | Slime:1  | Learned a level 5 spell: Fireball
170918 | Slime:1  | Learned a level 6 spell: Conjure Ball Lightning
171378 | Slime:2  | Reached skill level 1 in Charms
172195 | Slime:5  | Entered Level 5 of the Pits of Slime
172501 | Slime:3  | Reached skill level 5 in Charms
173220 | Slime:5  | Noticed the Royal Jelly
173229 | Slime:5  | Killed the Royal Jelly
173499 | Slime:5  | Got a faintly glowing ivory ring
173500 | Slime:5  | Identified the ring of a Million Runes {*Tele Int+3} (You
                  | found it on level 5 of the Pits of Slime)
173517 | Slime:5  | Got a slimy rune of Zot
174125 | Tomb:1   | Entered Level 1 of the Tomb of the Ancients
174177 | Tomb:1   | Noticed Mara
174186 | Tomb:1   | Killed Mara
174264 | Tomb:1   | Reached skill level 10 in Charms
174690 | Tomb:1   | Noticed an ancient lich
174694 | Tomb:1   | Noticed a greater mummy
174695 | Tomb:1   | Killed an ancient lich
174700 | Tomb:1   | Killed a greater mummy
175192 | Tomb:1   | Identified the Almanac of Excruciating Feathers
175503 | Tomb:1   | Noticed a greater mummy
175531 | Tomb:1   | Killed a greater mummy
175548 | Tomb:1   | Noticed a greater mummy
175551 | Tomb:1   | Noticed a greater mummy
175564 | Tomb:1   | Killed a greater mummy
175579 | Tomb:1   | Killed a greater mummy
175645 | Tomb:1   | Noticed a greater mummy
175689 | Tomb:1   | Killed a greater mummy
175745 | Tomb:1   | Noticed a greater mummy
175754 | Tomb:1   | Killed a greater mummy
175779 | Tomb:1   | Noticed a greater mummy
175787 | Tomb:1   | Killed a greater mummy
175831 | Tomb:1   | Noticed a greater mummy
175871 | Tomb:1   | Killed a greater mummy
175998 | Tomb:1   | Noticed a greater mummy
175999 | Tomb:1   | Noticed a greater mummy
176050 | Tomb:1   | Killed a greater mummy
176059 | Tomb:1   | Killed a greater mummy
176143 | Tomb:1   | Noticed a greater mummy
176147 | Tomb:1   | Noticed a greater mummy
176259 | Tomb:1   | Killed a greater mummy
176276 | Tomb:1   | Killed a greater mummy
176420 | Tomb:1   | Noticed a greater mummy
176427 | Tomb:1   | Noticed a greater mummy
176429 | Tomb:1   | Killed a greater mummy
176430 | Tomb:1   | Noticed a greater mummy
176431 | Tomb:1   | Killed a greater mummy
176434 | Tomb:1   | Killed a greater mummy
176435 | Tomb:1   | Noticed a greater mummy
176480 | Tomb:1   | Killed a greater mummy
176609 | Tomb:1   | Noticed a greater mummy
176634 | Tomb:1   | Killed a greater mummy
176715 | Tomb:1   | Noticed a greater mummy
176723 | Tomb:1   | Killed a greater mummy
176828 | Tomb:1   | Noticed a greater mummy
176862 | Tomb:1   | Killed a greater mummy
176981 | Tomb:1   | Noticed a greater mummy
177024 | Tomb:1   | Killed a greater mummy
177298 | Tomb:1   | Noticed a greater mummy
177317 | Tomb:1   | Killed a greater mummy
177393 | Tomb:1   | Noticed a greater mummy
177399 | Tomb:1   | Killed a greater mummy
177488 | Tomb:1   | Noticed a greater mummy
177495 | Tomb:1   | Killed a greater mummy
177627 | Tomb:2   | Noticed a greater mummy
177627 | Tomb:2   | Noticed a greater mummy
177633 | Tomb:2   | Killed a greater mummy
177633 | Tomb:2   | Killed a greater mummy
177646 | Tomb:2   | Noticed an ancient lich
177647 | Tomb:2   | Killed an ancient lich
177653 | Tomb:2   | Noticed a greater mummy
177660 | Tomb:2   | Killed a greater mummy
177680 | Tomb:2   | Noticed a greater mummy
177689 | Tomb:2   | Killed a greater mummy
178339 | Tomb:3   | Entered Level 3 of the Tomb of the Ancients
178418 | Tomb:3   | Identified a +1 pair of boots of running (You found it on
                  | level 3 of the Tomb of the Ancients)
178500 | Tomb:3   | Noticed a greater mummy
178511 | Tomb:3   | Killed a greater mummy
178520 | Tomb:3   | Noticed a greater mummy
178700 | Tomb:3   | Noticed an ancient lich
178701 | Tomb:3   | Noticed a greater mummy
178702 | Tomb:3   | Killed a greater mummy
178703 | Tomb:3   | Noticed a greater mummy
178704 | Tomb:3   | Killed an ancient lich
178704 | Tomb:3   | Noticed a greater mummy
178704 | Tomb:3   | Noticed a greater mummy
178706 | Tomb:3   | Killed a greater mummy
178706 | Tomb:3   | Noticed a greater mummy
178717 | Tomb:2   | Killed a greater mummy
178961 | Tomb:3   | Killed a greater mummy
178961 | Tomb:3   | Reached skill level 27 in Shields
178961 | Tomb:3   | Killed a greater mummy
178966 | Tomb:3   | Noticed a greater mummy
179175 | Tomb:3   | Killed a greater mummy
179178 | Tomb:3   | Killed a greater mummy
179446 | Tomb:3   | Got a golden rune of Zot
180660 | Zot:5    | Donated 6404 gold pieces to Zin
180667 | Zot:5    | Got the Orb of Zot
181080 | D:12     | Noticed Rucirgh the pandemonium lord
181092 | D:12     | Killed Rucirgh the pandemonium lord
181327 | D:2      | Noticed Oboceizu the pandemonium lord
181331 | D:2      | Killed Oboceizu the pandemonium lord
181392 | D:$      | Escaped with the Orb!

Levels and vault maps discovered:
D:1:      wander_arrival_chamber, layout_rooms, minivault_24
D:2:      layout_basic
D:3:      layout_rooms, uniq_terence, uniq_grinder, uniq_ijyb
D:4:      minmay_wonky_spiral, layout_rooms, first_ration,
          chequers_serial_rivers_small_a, hangedman_decor_points
D:5:      layout_loops_corners, yredelemnul_altar_generic,
          nicolae_ossuary_entry_giza
D:6:      layout_basic, roderic_batcave
D:7:      layout_rooms, minmay_temple_entry_glass, enter_bailey_2, the_bakery,
          uniq_pikel
D:8:      layout_basic, dpeg_oklobed_lair, grunt_ministairs_1, moated_statue,
          minivault_4
D:9:      layout_roguey, orc_0_dummy, ebering_ghost_gozag,
          david_defended_altar_orc, uniq_erolcha, uniq_erica, uniq_grum
D:10:     kennysheep_kobold_lugonu_temple, layout_irregular_city,
          lemuel_flamethrower_hall, uniq_maurice
D:11:     layout_rooms, serial_shops, nicolae_shop_waterfront,
          nicolae_dithmenos_the_darkroom, uniq_urug
D:12:     layout_loops_ring, grunt_qazlal_clouds, uniq_nessos, uniq_jorgrun,
          uniq_josephine
D:13:     minmay_stone_box, layout_loops_ring, maelrawn_ghost_gauntlet_escape,
          uniq_kirke, uniq_frances
D:14:     layout_gridville, erik_vaults_1, hangedman_abyss_or_decor_stabs
D:15:     grunt_enter_depths_giant_problem, layout_rooms
Temple:   roderic_octagonal_lattice_temple
Lair:1:   layout_loops_ring, uniq_fannar
Lair:2:   layout_roguey, elwin_shoals_entry_rooms,
          minmay_snake_entry_guardpost_small, small_statue_intersection,
          lemuel_fruit_tree
Lair:3:   layout_chaotic_city, st_stairs_10, grunt_megastairs_2,
          serial_bayou_shore_b
Lair:4:   layout_small_grid, basic_altar
Lair:5:   layout_roguey, nicolae_slime_entry_slimehenge,
          gammafunk_ghost_cemetery
Lair:6:   cheibrodos_lair_end_hotspot, layout_regular_city,
          gammafunk_ghost_split, zaba_anthell
Shoals:1: layout_shoals, nicolae_shoals_water_elemental_grotto
Shoals:2: layout_shoals, serial_shops, shop, nicolae_shoals_wave_tunnel
Shoals:3: layout_shoals, serial_shops, shop
Shoals:4: shoals_end_grunt_ice, layout_shoals, abandoned_shop, abandoned_shop,
          overgrown_tower, uniq_donald, uniq_polyphemus
Snake:1:  layout_layer_cave, serial_bayou_pond_d, minmay_shoptagon
Snake:2:  layout_chambers, uniq_vashnia
Snake:3:  layout_onion
Snake:4:  johnstein_snake_rune_scales, layout_chambers, minmay_shop_mayhem
Slime:1:  layout_caves
Slime:2:  layout_caves
Slime:3:  layout_caves, cheibrodos_slime_lost_civilization_6
Slime:4:  layout_caves
Slime:5
Orc:1:    layout_diamond_mine
Orc:2:    grunt_orc_cross, layout_caves, basic_altar
Elf:1:    layout_geoelf_diagonals, minivault_28, fountainhead
Elf:2:    layout_onion_city, drop_trap, grunt_ministairs_4
Elf:3:    nooodl_elf_gasket, layout_geoelf_diagonals, minivault_26,
          minivault_25, uniq_asterion
Vaults:1: nicolae_vaults_sealed_display, ontoclasm_vaults_twist,
          nicolae_vaults_yaktaur_gun_rack, v_misc_3,
          nicolae_vaults_three_branches, nicolae_vaults_mini_display_case,
          v_misc_27, vaults_room_door_ring, layout_vaults_chaotic_city
Vaults:2: vaults_mumra_lcd, ontoclasm_vaults_eye,
          nicolae_vaults_twisting_passages, nicolae_vaults_border_crossing,
          vaults_mumra_chevron, st_spiral_rooms, hangedman_vaults_slice,
          v_misc_19, ontoclasm_vaults_hangar, nicolae_vaults_little_squares_2,
          ontoclasm_vaults_ring_small, vaults_mumra_minichess_inversion,
          vaults_room_pools, layout_vaults_omnicross
Vaults:3: blue_anna_dwarven_crypt, v_misc_27, vaults_mumra_minichess,
          v_pattern_2, vaults_dpeg_cross, v_misc_16, grunt_vaults_twisty,
          v_misc_5, vaults_room_semicircle, special_room_vaults
          [special_room_orc], layout_vaults_omnigrid, uniq_mennas
Vaults:4: ontoclasm_vaults_hangar, dpeg_vaults_waves,
          nicolae_vaults_specimen_jars, v_misc_23,
          nicolae_vaults_bisected_slash, v_misc_17, grunt_vaults_hallway_short,
          nicolae_vaults_big_ls, v_misc_16, hangedman_vaults_hat,
          hangedman_vaults_stagger, vaults_standard_mumra_enter_the_diamond,
          nicolae_vaults_ring_of_whatevers, vaults_dpeg_doors, vaults_dpeg_ring,
          grunt_vaults_trifunnel, vaults_room_stairs_pillars,
          nicolae_vaults_ring_of_whatevers, layout_vaults_omnibox, serial_shops,
          shop
Vaults:5: serial_shops, uniq_bai_suzhen, uniq_margery
Crypt:1:  layout_catacombs
Crypt:2:  layout_gridlike, grunt_ministairs_12, uniq_boris, uniq_khufu
Crypt:3:  lightli_unholy_cathedral, layout_chaotic_city,
          nicolae_tomb_entry_rubble_hallway, ebering_ghost_disaster_area,
          uniq_saint_roka
Tomb:1:   uniq_mara
Tomb:2
Tomb:3
Depths:1: layout_twisted_cross, enter_ziggurat_a, pf_dread_powers_of_hell,
          abyss_entry, serial_bayou_pond_d, dk_noncrumbling_4,
          nrook_mini_vaults, ice2_lemuel
Depths:2: minmay_the_grid_3x3 [minmay_the_grid_tree, minmay_the_grid_empty,
          minmay_the_grid_eight, minmay_the_grid_empty, minmay_the_grid_spikes,
          minmay_the_grid_minigrid_small, minmay_the_grid_holed_spiral,
          minmay_the_grid_airy, minmay_the_grid_prize_big_room], layout_basic,
          hell_entry, minmay_hedge_maze, ebering_ghost_reflecting_pool,
          pan_entry, grunt_tough_drop
Depths:3: minmay_gate_of_8, layout_basic, serial_shops, shop,
          hangedman_tar_grid_catacomb, patterned_corridor,
          grunt_pan_entry_spiral, uniq_aizul, uniq_enchantress
Depths:4: evilmike_diamond_1, layout_gridville, chequers_serial_rivers_room_b,
          hell_entry, marbit_kobold_abyss_entry, infiniplex_staircase_pool_2
Depths:5: lemuel_castle_with_subvaults [lemuel_castle_interior_carwin_1],
          layout_cave_pools, serial_shops, statue_bzr, hell_entry,
          onia_ninara_cookie, serial_bayou_shore_b
Hell
Dis:1:    layout_jigsaw
Dis:2:    layout_subdivisions
Dis:3:    layout_chaotic_city
Dis:4:    layout_subdivisions
Dis:5:    layout_chaotic_city
Dis:6:    layout_chaotic_city, hangedman_dis_decor_tower
Dis:7:    dis_grunt_layers
Geh:1:    layout_gehenna_pools_basic
Geh:2:    layout_gehenna_pools_basic
Geh:3:    layout_gehenna_pools_basic
Geh:4:    layout_gehenna_pools_box
Geh:5:    layout_gehenna_lava_caves
Geh:6:    layout_gehenna_lava_caves
Geh:7:    geh_grunt_pentagon
Coc:1:    layout_ice_bergs
Coc:2:    layout_cocytus_water_paths
Coc:3:    layout_cocytus_water_paths
Coc:4:    layout_ice_bergs
Coc:5:    layout_ice_bergs
Coc:6:    layout_ice_bergs
Coc:7:    coc_mu
Tar:1:    layout_cathedral_of_symmetry
Tar:2:    layout_grid_maze
Tar:3:    layout_catacombs
Tar:4:    layout_honeycomb
Tar:5:    layout_cathedral_of_symmetry
Tar:6:    grunt_deathspiral_small, layout_cathedral_of_symmetry
Tar:7:    tar_mu [tar_mu_maze]
Zot:1:    layout_concentric_octagons, hangedman_zot_spectrum
Zot:2:    layout_misc_corridors
Zot:3:    regret_index_qazlal_generations, layout_gridlike
Zot:4:    layout_concentric_octagons, st_single_dragon_hoard_4
Zot:5:    layout_gridlike
Abyss:1:  lemuel_firewalk_3
Abyss:2:  guppyfry_abyss_exit_imp_island
Abyss:3:  hangedman_abyss_or_decor_slice, grunt_abyss_rune_forest_and_sorcery
Pan:      evilmike_gloorx_vloq_box, layout_long_grid
Bazaar:   bazaar_minmay_generic_island
Ossuary:  ossuary_tomb_1
Bailey:   bailey_polearm_2, bailey

Skill      XL: |  1  2  3  4  5  6  7  8  9 10 11 12 13 14 15 16 17 18 19 20 21 22 23 24 25 26 27 |
---------------+----------------------------------------------------------------------------------+-----
Fighting       | 1 2 3 4 5 6 7 8 9 11 12 13 14 15 16 17 18 19 20 21 22 27 | 27.0
Maces & Flails | 1 2 3 4 6 8 10 11 13 14 15 16 | 16.6
Armour         | 1 2 3 4 5 7 8 9 10 11 12 15 27 | 27.0
Ice Magic      | 4 |  4.2
Conjurations   | 2 3 6 8 10 12 13 15 27 | 27.0
Invocations    | 2 5 7 8 10 11 12 13 14 15 16 17 19 20 21 22 23 25 27 | 27.0
Dodging        | 3 5 9 10 16 | 16.4
Shields        | 5 10 13 15 27 | 27.0
Spellcasting   | 4 7 8 10 11 27 | 27.0
Earth Magic    | 4 7 27 | 27.0
Fire Magic     | 27 | 27.0
Charms         | 10 | 10.0
Stealth        | |  2.1

Action                   |  1- 3 |  4- 6 |  7- 9 | 10-12 | 13-15 | 16-18 | 19-21 | 22-24 | 25-27 || total
-------------------------+-------+-------+-------+-------+-------+-------+-------+-------+-------++-------
Melee: Club              |     9 |       |       |       |       |       |       |       |       ||     9
       Mace              |       |    40 |   469 |   290 |       |       |       |       |       ||   799
       Morningstar       |       |       |       |   681 |   412 |       |   182 |       |       ||  1275
       Great mace        |       |       |       |       |  1321 |       |       |       |       ||  1321
       Unarmed           |       |       |       |       |     4 |       |       |       |       ||     4
       Flail             |       |       |       |       |   426 |  2676 |   318 |       |       ||  3420
       War axe           |       |       |       |       |   101 |   311 |   856 |       |       ||  1268
       Sacred scourge    |       |       |       |       |       |       |   990 |  1868 | 19716 || 22574
       Staff             |       |       |       |       |       |       |       |       |     1 ||     1
 Fire: Hunting sling     |       |     3 |       |       |       |       |       |       |       ||     3
Throw: Javelin           |     3 |    16 |    13 |    23 |     9 |     8 |     1 |     8 |       ||    81
       Stone             |       |    16 |     3 |       |       |       |       |       |       ||    19
 Cast: Freeze            |    47 |    65 |    19 |     1 |       |       |       |       |       ||   132
       Iskenderun's Myst |       |       |       |       |       |       |       |    42 |    66 ||   108
       Stone Arrow       |       |       |       |       |       |       |       |     3 |    10 ||    13
       Iron Shot         |       |       |       |       |       |       |       |       |   455 ||   455
       Bolt of Magma     |       |       |       |       |       |       |       |       |   139 ||   139
       Bolt of Fire      |       |       |       |       |       |       |       |       |   133 ||   133
       Shatter           |       |       |       |       |       |       |       |       |   103 ||   103
       Apportation       |       |       |       |       |       |       |       |       |    74 ||    74
       Orb of Destructio |       |       |       |       |       |       |       |       |    51 ||    51
       Ignition          |       |       |       |       |       |       |       |       |    39 ||    39
       Lee's Rapid Decon |       |       |       |       |       |       |       |       |    12 ||    12
       Ring of Flames    |       |       |       |       |       |       |       |       |    10 ||    10
       Fireball          |       |       |       |       |       |       |       |       |     3 ||     3
       Conjure Ball Ligh |       |       |       |       |       |       |       |       |     1 ||     1
Invok: Vitalisation      |       |       |       |     1 |       |     2 |       |       |   186 ||   189
       Recite            |       |       |       |       |    21 |    22 |       |       |   344 ||   387
       Imprison          |       |       |       |       |       |     1 |       |       |       ||     1
       Divine Shield     |       |       |       |       |       |       |     4 |     2 |       ||     6
       Brand Weapon With |       |       |       |       |       |       |     1 |       |       ||     1
       Summon Divine War |       |       |       |       |       |       |       |     7 |       ||     7
       Cleansing Flame   |       |       |       |       |       |       |       |     2 |       ||     2
       Donate Gold       |       |       |       |       |       |       |       |       |     2 ||     2
 Abil: Fly               |       |       |       |       |     3 |     1 |       |     5 |     5 ||    14
       Stop Flying       |       |       |       |       |     2 |     1 |       |     5 |     5 ||    13
Evoke: Wand              |       |       |    19 |    21 |    19 |     3 |       |       |    13 ||    75
       Fan of gales      |       |       |     1 |       |     1 |       |       |       |       ||     2
       Lamp of fire      |       |       |       |       |     1 |     1 |       |       |       ||     2
  Use: Scroll            |       |     9 |    11 |    10 |    12 |     8 |     9 |     9 |    91 ||   159
       Potion            |       |       |     2 |     1 |    13 |       |     5 |     5 |    69 ||    95
 Stab: Sleeping          |       |     1 |       |       |       |       |       |       |       ||     1
       Invisible         |       |       |       |       |     6 |       |       |       |       ||     6
       Confused          |       |       |       |       |     4 |     9 |       |       |    70 ||    83
       Paralysed         |       |       |       |       |     4 |       |       |       |    15 ||    19
       Distracted        |       |       |       |       |       |     1 |       |       |     3 ||     4
       Petrified         |       |       |       |       |       |       |       |       |     2 ||     2
  Eat: Chunk             |     3 |     7 |    10 |    23 |    30 |    18 |    42 |    43 |    26 ||   202
       Ration            |       |       |     3 |     2 |     9 |    11 |       |     2 |    95 ||   122
Armor: Robe              |     6 |       |       |       |       |       |       |       |       ||     6
       Ring mail         |    16 |    55 |    60 |       |       |       |       |       |       ||   131
       Plate armour      |       |       |   405 |   786 |  1781 |  1206 |   931 |   544 |   664 ||  6317
       Ice dragon scales |       |       |       |       |    29 |       |       |       |       ||    29
       Skin              |       |       |       |       |     2 |       |       |       |       ||     2
       Gold dragon scale |       |       |       |       |       |       |       |       |  7477 ||  7477
Dodge: Dodged            |    17 |    52 |   200 |   351 |   635 |   373 |   386 |   259 |  3600 ||  5873
       Deflected         |       |       |       |       |     2 |       |       |       |       ||     2
Block: Buckler           |       |       |       |       |   157 |       |       |       |       ||   157
       Shield            |       |       |       |       |    24 |  2043 |  1699 |   946 | 12012 || 16724
       Reflection        |       |       |       |       |     9 |   269 |   130 |    80 |   207 ||   695

Table legend:
 A = Non-vault XP
 B = Vault XP
 C = Vault XP percentage of total XP
 D = Non-vault monster count
 E = Vault monster count
 F = Vault count percentage of total count
                 A         B        C        D         E       F
            +---------+---------+-------+---------+---------+-------
      Total | 3206866 | 2234890 |  41.1 |    4962 |    1849 |  27.1
            +---------+---------+-------+---------+---------+-------
        D:1 |      52 |       0 |   0.0 |      19 |       0 |   0.0
        D:2 |      50 |       0 |   0.0 |      15 |       0 |   0.0
        D:3 |     226 |     362 |  61.6 |      20 |       3 |  13.0
        D:4 |     224 |      37 |  14.2 |      14 |       3 |  17.6
        D:5 |     743 |      20 |   2.6 |      31 |       3 |   8.8
        D:6 |    1288 |     177 |  12.1 |      32 |       7 |  17.9
        D:7 |    1164 |     817 |  41.2 |      21 |       2 |   8.7
        D:8 |    1878 |     305 |  14.0 |      17 |       4 |  19.0
        D:9 |    4917 |    3626 |  42.4 |      39 |      12 |  23.5
       D:10 |    6457 |    1619 |  20.0 |      37 |       3 |   7.5
       D:11 |    5059 |       0 |   0.0 |      44 |       0 |   0.0
       D:12 |    4877 |    6169 |  55.8 |      27 |       9 |  25.0
       D:13 |    9849 |    4460 |  31.2 |      48 |       4 |   7.7
       D:14 |   10801 |    1808 |  14.3 |      29 |       2 |   6.5
       D:15 |   29369 |    2085 |   6.6 |      68 |       2 |   2.9
     Lair:1 |    1666 |    1017 |  37.9 |      10 |       1 |   9.1
     Lair:2 |   11490 |    1435 |  11.1 |      32 |       6 |  15.8
     Lair:3 |    2102 |    1719 |  45.0 |      12 |       3 |  20.0
     Lair:4 |    3044 |       0 |   0.0 |      12 |       0 |   0.0
     Lair:5 |   13021 |    4477 |  25.6 |      45 |       7 |  13.5
     Lair:6 |    4214 |    4333 |  50.7 |      16 |      39 |  70.9
   Shoals:1 |   11528 |    1049 |   8.3 |      26 |       5 |  16.1
   Shoals:2 |   13168 |    2405 |  15.4 |      31 |       8 |  20.5
   Shoals:3 |   24650 |    1701 |   6.5 |      54 |       2 |   3.6
   Shoals:4 |    6498 |   29163 |  81.8 |      14 |      37 |  72.5
    Snake:1 |   14971 |       0 |   0.0 |      30 |       0 |   0.0
    Snake:2 |   17547 |    8453 |  32.5 |      30 |       5 |  14.3
    Snake:3 |   10298 |       0 |   0.0 |      19 |       0 |   0.0
    Snake:4 |   25962 |   44946 |  63.4 |      47 |      64 |  57.7
    Slime:1 |   22657 |       0 |   0.0 |      33 |       0 |   0.0
    Slime:2 |   10111 |       0 |   0.0 |      23 |       0 |   0.0
    Slime:3 |    5914 |       0 |   0.0 |      12 |       0 |   0.0
    Slime:4 |   20401 |       0 |   0.0 |      26 |       0 |   0.0
    Slime:5 |    8673 |   27583 |  76.1 |      27 |      12 |  30.8
      Orc:1 |    1296 |       0 |   0.0 |      29 |       0 |   0.0
      Orc:2 |    2916 |   11665 |  80.0 |      19 |      31 |  62.0
      Elf:1 |   15271 |    9498 |  38.3 |      24 |      14 |  36.8
      Elf:2 |   11356 |    3652 |  24.3 |      19 |       4 |  17.4
      Elf:3 |   15428 |   67714 |  81.4 |      28 |      46 |  62.2
   Vaults:1 |   58124 |   16640 |  22.3 |      84 |      26 |  23.6
   Vaults:2 |   29212 |   20527 |  41.3 |      44 |      24 |  35.3
   Vaults:3 |   34974 |   36620 |  51.1 |      63 |      55 |  46.6
   Vaults:4 |   17792 |   33717 |  65.5 |      34 |      41 |  54.7
   Vaults:5 |   17188 |  101330 |  85.5 |      23 |      81 |  77.9
    Crypt:1 |   31551 |       0 |   0.0 |      49 |       0 |   0.0
    Crypt:2 |   18221 |   30114 |  62.3 |      27 |       9 |  25.0
    Crypt:3 |   49030 |   40608 |  45.3 |      55 |      31 |  36.0
     Tomb:1 |   10664 |  198274 |  94.9 |      41 |      79 |  65.8
     Tomb:2 |   17320 |   86758 |  83.4 |      38 |      56 |  59.6
     Tomb:3 |   13937 |   73374 |  84.0 |      39 |      55 |  58.5
   Depths:1 |   25413 |    9413 |  27.0 |      26 |      20 |  43.5
   Depths:2 |   36240 |   36450 |  50.1 |      47 |      26 |  35.6
   Depths:3 |   64204 |   33370 |  34.2 |      79 |      28 |  26.2
   Depths:4 |   51482 |   46432 |  47.4 |      44 |      32 |  42.1
   Depths:5 |   32300 |  100406 |  75.7 |      34 |      80 |  70.2
       Hell |   23651 |   20108 |  46.0 |      38 |      37 |  49.3
      Dis:1 |   22236 |       0 |   0.0 |      50 |       0 |   0.0
      Dis:2 |   59331 |       0 |   0.0 |     128 |       0 |   0.0
      Dis:3 |   41839 |       0 |   0.0 |      87 |       0 |   0.0
      Dis:4 |   43086 |       0 |   0.0 |      47 |       0 |   0.0
      Dis:5 |   57708 |       0 |   0.0 |      68 |       0 |   0.0
      Dis:6 |   21665 |       0 |   0.0 |      43 |       0 |   0.0
      Dis:7 |   83027 |  120333 |  59.2 |     121 |      81 |  40.1
      Geh:1 |   16685 |       0 |   0.0 |      18 |       0 |   0.0
      Geh:2 |    7246 |       0 |   0.0 |      19 |       0 |   0.0
      Geh:3 |   13745 |       0 |   0.0 |      24 |       0 |   0.0
      Geh:4 |    8292 |       0 |   0.0 |      16 |       0 |   0.0
      Geh:5 |   26219 |       0 |   0.0 |      37 |       0 |   0.0
      Geh:6 |    7061 |       0 |   0.0 |      14 |       0 |   0.0
      Geh:7 |   55058 |   57216 |  51.0 |      96 |      41 |  29.9
      Coc:1 |   47062 |       0 |   0.0 |     109 |       0 |   0.0
      Coc:2 |   43421 |       0 |   0.0 |      68 |       0 |   0.0
      Coc:3 |   34289 |       0 |   0.0 |      84 |       0 |   0.0
      Coc:4 |   30770 |       0 |   0.0 |      86 |       0 |   0.0
      Coc:5 |   35411 |       0 |   0.0 |      78 |       0 |   0.0
      Coc:6 |   45325 |       0 |   0.0 |      91 |       0 |   0.0
      Coc:7 |   35993 |   66741 |  65.0 |      53 |      87 |  62.1
      Tar:1 |   65935 |       0 |   0.0 |     115 |       0 |   0.0
      Tar:2 |   29478 |       0 |   0.0 |      55 |       0 |   0.0
      Tar:3 |   30347 |       0 |   0.0 |      68 |       0 |   0.0
      Tar:4 |   96573 |       0 |   0.0 |      98 |       0 |   0.0
      Tar:5 |   45354 |       0 |   0.0 |      66 |       0 |   0.0
      Tar:6 |   50699 |   20535 |  28.8 |      80 |      30 |  27.3
      Tar:7 |   98719 |   88380 |  47.2 |     107 |      53 |  33.1
      Zot:1 |   35987 |   32559 |  47.5 |      18 |      24 |  57.1
      Zot:2 |   43670 |       0 |   0.0 |      29 |       0 |   0.0
      Zot:3 |   27922 |   43512 |  60.9 |      15 |      30 |  66.7
      Zot:4 |   81499 |   12993 |  13.8 |      47 |       3 |   6.0
      Zot:5 |   72187 |  176190 |  70.9 |      43 |      41 |  48.8
    Abyss:1 |   76234 |    2739 |   3.5 |      92 |       2 |   2.1
    Abyss:2 |   23034 |       0 |   0.0 |      44 |       0 |   0.0
    Abyss:3 |    9412 |   18994 |  66.9 |      16 |      17 |  51.5
        Pan |  801908 |  467257 |  36.8 |     888 |     374 |  29.6
    Ossuary |       0 |     181 | 100.0 |       0 |      35 | 100.0
     Bailey |       0 |     824 | 100.0 |       0 |      13 | 100.0
            +---------+---------+-------+---------+---------+-------
